Workbook

Sheet (はじめにお読み下さい)申請書の使い方
B2: 【郵送用】本申請書の使い方、申請の手順
B4: ●実施スケジュール
B5: ・実施期間：
B6: ①介護事業所等→令和8年9月11日(金)～11月30日(月)
B7: ②介護施設等→令和7年4月1日(火)～11月30日(月)
B8: ③障害福祉サービス事業所等→令和8年8月21日(金)～11月30日(月)
B9: ・申請期間：令和8年11月1日（日）～令和8年11月30日（月）
B10: ・交付決定：審査完了後、県から交付決定兼額の確定通知書を申請者へお送りいたします。
B11: ・補助金の支払い：審査完了後、県から支給いたします。（令和9年3月31日までに支給）
B13: ●申請スケジュール
B14: はじめに本シートのセルに入力することで、申請対象となる施設・事業所等に関する基本的な情報が各シートに自動的に転記されます
B15: 【重要】本申請手順は、介護施設及び介護事業所及び障害福祉サービス事業所等に対する申請様式です。
... B26: ⑥完成したExcelファイル及び必要書類を郵送で申請
B31: 個票番号 | C31: 整理番号 | D31: 事業所・施設名 | E31: 郵便番号 | F31: 所在地 | G31: サービス種別 | H31: 電話番号 | I31: 担当部署 | J31: 要件1 | K31: 要件2 | L31: 要件3
B32: 1 | C32: {=INDIRECT("個票１!H7")} -> 0 | D32: {=INDIRECT("個票１!T7")} -> 0 | E32: {=INDIRECT("個票１!D9")} -> 0 | F32: {=INDIRECT("個票１!O9")} -> 0 | G32: {=INDIRECT("個票１!H10")} | H32: {=INDIRECT("個票１!W11")} -> 0 | I32: {=INDIRECT("個票１!AG11")} -> 0 | J32: {=INDIRECT("個票１!X15")} -> 0 | K32: {=INDIRECT("個票１!X16")} -> 0 | L32: {=INDIRECT("個票１!X17")} -> 0
B33: 2 | C33: {=INDIRECT("個票2!H7")} -> 0 | D33: {=INDIRECT("個票2!T7")} -> 0 | E33: {=INDIRECT("個票2!D9")} -> 0 | F33: {=INDIRECT("個票2!O9")} -> 0 | G33: {=INDIRECT("個票2!H10")} | H33: {=INDIRECT("個票2!W11")} -> 0 | I33: {=INDIRECT("個票2!AG11")} -> 0 | J33: {=INDIRECT("個票2!X15")} -> 0 | K33: {=INDIRECT("個票2!X16")} -> 0 | L33: {=INDIRECT("個票2!X17")} -> 0
B34: 3 | C34: {=INDIRECT("個票3!H7")} -> 0 | D34: {=INDIRECT("個票3!T7")} -> 0 | E34: {=INDIRECT("個票3!D9")} -> 0 | F34: {=INDIRECT("個票3!O9")} -> 0 | G34: {=INDIRECT("個票3!H10")} | H34: {=INDIRECT("個票3!W11")} -> 0 | I34: {=INDIRECT("個票3!AG11")} -> 0 | J34: {=INDIRECT("個票3!X15")} -> 0 | K34: {=INDIRECT("個票3!X16")} -> 0 | L34: {=INDIRECT("個票3!X17")} -> 0
B35: 4 | C35: {=INDIRECT("個票4!H7")} -> 0 | D35: {=INDIRECT("個票4!T7")} -> 0 | E35: {=INDIRECT("個票4!D9")} -> 0 | F35: {=INDIRECT("個票4!O9")} -> 0 | G35: {=INDIRECT("個票4!H10")} | H35: {=INDIRECT("個票4!W11")} -> 0 | I35: {=INDIRECT("個票4!AG11")} -> 0 | J35: {=INDIRECT("個票4!X15")} -> 0 | K35: {=INDIRECT("個票4!X16")} -> 0 | L35: {=INDIRECT("個票4!X17")} -> 0
B36: 5 | C36: {=INDIRECT("個票5!H7")} -> 0 | D36: {=INDIRECT("個票5!T7")} -> 0 | E36: {=INDIRECT("個票5!D9")} -> 0 | F36: {=INDIRECT("個票5!O9")} -> 0 | G36: {=INDIRECT("個票5!H10")} | H36: {=INDIRECT("個票5!W11")} -> 0 | I36: {=INDIRECT("個票5!AG11")} -> 0 | J36: {=INDIRECT("個票5!X15")} -> 0 | K36: {=INDIRECT("個票5!X16")} -> 0 | L36: {=INDIRECT("個票5!X17")} -> 0
B37: 6 | C37: {=INDIRECT("個票6!H7")} -> 0 | D37: {=INDIRECT("個票6!T7")} -> 0 | E37: {=INDIRECT("個票6!D9")} -> 0 | F37: {=INDIRECT("個票6!O9")} -> 0 | G37: {=INDIRECT("個票6!H10")} | H37: {=INDIRECT("個票6!W11")} -> 0 | I37: {=INDIRECT("個票6!AG11")} -> 0 | J37: {=INDIRECT("個票6!X15")} -> 0 | K37: {=INDIRECT("個票6!X16")} -> 0 | L37: {=INDIRECT("個票6!X17")} -> 0
B38: 7 | C38: {=INDIRECT("個票7!H7")} -> 0 | D38: {=INDIRECT("個票7!T7")} -> 0 | E38: {=INDIRECT("個票7!D9")} -> 0 | F38: {=INDIRECT("個票7!O9")} -> 0 | G38: {=INDIRECT("個票7!H10")} | H38: {=INDIRECT("個票7!W11")} -> 0 | I38: {=INDIRECT("個票7!AG11")} -> 0 | J38: {=INDIRECT("個票7!X15")} -> 0 | K38: {=INDIRECT("個票7!X16")} -> 0 | L38: {=INDIRECT("個票7!X17")} -> 0
B39: 8 | C39: {=INDIRECT("個票8!H7")} -> 0 | D39: {=INDIRECT("個票8!T7")} -> 0 | E39: {=INDIRECT("個票8!D9")} -> 0 | F39: {=INDIRECT("個票8!O9")} -> 0 | G39: {=INDIRECT("個票8!H10")} | H39: {=INDIRECT("個票8!W11")} -> 0 | I39: {=INDIRECT("個票8!AG11")} -> 0 | J39: {=INDIRECT("個票8!X15")} -> 0 | K39: {=INDIRECT("個票8!X16")} -> 0 | L39: {=INDIRECT("個票8!X17")} -> 0
B40: 9 | C40: {=INDIRECT("個票9!H7")} -> 0 | D40: {=INDIRECT("個票9!T7")} -> 0 | E40: {=INDIRECT("個票9!D9")} -> 0 | F40: {=INDIRECT("個票9!O9")} -> 0 | G40: {=INDIRECT("個票9!H10")} | H40: {=INDIRECT("個票9!W11")} -> 0 | I40: {=INDIRECT("個票9!AG11")} -> 0 | J40: {=INDIRECT("個票9!X15")} -> 0 | K40: {=INDIRECT("個票9!X16")} -> 0 | L40: {=INDIRECT("個票9!X17")} -> 0
B41: 10 | C41: {=INDIRECT("個票10!H7")} -> 0 | D41: {=INDIRECT("個票10!T7")} -> 0 | E41: {=INDIRECT("個票10!D9")} -> 0 | F41: {=INDIRECT("個票10!O9")} -> 0 | G41: {=INDIRECT("個票10!H10")} | H41: {=INDIRECT("個票10!W11")} -> 0 | I41: {=INDIRECT("個票10!AG11")} -> 0 | J41: {=INDIRECT("個票10!X15")} -> 0 | K41: {=INDIRECT("個票10!X16")} -> 0 | L41: {=INDIRECT("個票10!X17")} -> 0
B42: 11 | C42: {=INDIRECT("個票11!H7")} -> 0 | D42: {=INDIRECT("個票11!T7")} -> 0 | E42: {=INDIRECT("個票11!D9")} -> 0 | F42: {=INDIRECT("個票11!O9")} -> 0 | G42: {=INDIRECT("個票11!H10")} | H42: {=INDIRECT("個票11!W11")} -> 0 | I42: {=INDIRECT("個票11!AG11")} -> 0 | J42: {=INDIRECT("個票11!X15")} -> 0 | K42: {=INDIRECT("個票11!X16")} -> 0 | L42: {=INDIRECT("個票11!X17")} -> 0
B43: 12 | C43: {=INDIRECT("個票12!H7")} -> 0 | D43: {=INDIRECT("個票12!T7")} -> 0 | E43: {=INDIRECT("個票12!D9")} -> 0 | F43: {=INDIRECT("個票12!O9")} -> 0 | G43: {=INDIRECT("個票12!H10")} | H43: {=INDIRECT("個票12!W11")} -> 0 | I43: {=INDIRECT("個票12!AG11")} -> 0 | J43: {=INDIRECT("個票12!X15")} -> 0 | K43: {=INDIRECT("個票12!X16")} -> 0 | L43: {=INDIRECT("個票12!X17")} -> 0
B44: 13 | C44: {=INDIRECT("個票13!H7")} -> 0 | D44: {=INDIRECT("個票13!T7")} -> 0 | E44: {=INDIRECT("個票13!D9")} -> 0 | F44: {=INDIRECT("個票13!O9")} -> 0 | G44: {=INDIRECT("個票13!H10")} | H44: {=INDIRECT("個票13!W11")} -> 0 | I44: {=INDIRECT("個票13!AG11")} -> 0 | J44: {=INDIRECT("個票13!X15")} -> 0 | K44: {=INDIRECT("個票13!X16")} -> 0 | L44: {=INDIRECT("個票13!X17")} -> 0
B45: 14 | C45: {=INDIRECT("個票14!H7")} -> 0 | D45: {=INDIRECT("個票14!T7")} -> 0 | E45: {=INDIRECT("個票14!D9")} -> 0 | F45: {=INDIRECT("個票14!O9")} -> 0 | G45: {=INDIRECT("個票14!H10")} | H45: {=INDIRECT("個票14!W11")} -> 0 | I45: {=INDIRECT("個票14!AG11")} -> 0 | J45: {=INDIRECT("個票14!X15")} -> 0 | K45: {=INDIRECT("個票14!X16")} -> 0 | L45: {=INDIRECT("個票14!X17")} -> 0
B46: 15 | C46: {=INDIRECT("個票15!H7")} -> 0 | D46: {=INDIRECT("個票15!T7")} -> 0 | E46: {=INDIRECT("個票15!D9")} -> 0 | F46: {=INDIRECT("個票15!O9")} -> 0 | G46: {=INDIRECT("個票15!H10")} | H46: {=INDIRECT("個票15!W11")} -> 0 | I46: {=INDIRECT("個票15!AG11")} -> 0 | J46: {=INDIRECT("個票15!X15")} -> 0 | K46: {=INDIRECT("個票15!X16")} -> 0 | L46: {=INDIRECT("個票15!X17")} -> 0
B47: 16 | C47: {=INDIRECT("個票16!H7")} -> 0 | D47: {=INDIRECT("個票16!T7")} -> 0 | E47: {=INDIRECT("個票16!D9")} -> 0 | F47: {=INDIRECT("個票16!O9")} -> 0 | G47: {=INDIRECT("個票16!H10")} | H47: {=INDIRECT("個票16!W11")} -> 0 | I47: {=INDIRECT("個票16!AG11")} -> 0 | J47: {=INDIRECT("個票16!X15")} -> 0 | K47: {=INDIRECT("個票16!X16")} -> 0 | L47: {=INDIRECT("個票16!X17")} -> 0
B48: 17 | C48: {=INDIRECT("個票17!H7")} -> 0 | D48: {=INDIRECT("個票17!T7")} -> 0 | E48: {=INDIRECT("個票17!D9")} -> 0 | F48: {=INDIRECT("個票17!O9")} -> 0 | G48: {=INDIRECT("個票17!H10")} | H48: {=INDIRECT("個票17!W11")} -> 0 | I48: {=INDIRECT("個票17!AG11")} -> 0 | J48: {=INDIRECT("個票17!X15")} -> 0 | K48: {=INDIRECT("個票17!X16")} -> 0 | L48: {=INDIRECT("個票17!X17")} -> 0
B49: 18 | C49: {=INDIRECT("個票18!H7")} -> 0 | D49: {=INDIRECT("個票18!T7")} -> 0 | E49: {=INDIRECT("個票18!D9")} -> 0 | F49: {=INDIRECT("個票18!O9")} -> 0 | G49: {=INDIRECT("個票18!H10")} | H49: {=INDIRECT("個票18!W11")} -> 0 | I49: {=INDIRECT("個票18!AG11")} -> 0 | J49: {=INDIRECT("個票18!X15")} -> 0 | K49: {=INDIRECT("個票18!X16")} -> 0 | L49: {=INDIRECT("個票18!X17")} -> 0
B50: 19 | C50: {=INDIRECT("個票19!H7")} -> 0 | D50: {=INDIRECT("個票19!T7")} -> 0 | E50: {=INDIRECT("個票19!D9")} -> 0 | F50: {=INDIRECT("個票19!O9")} -> 0 | G50: {=INDIRECT("個票19!H10")} | H50: {=INDIRECT("個票19!W11")} -> 0 | I50: {=INDIRECT("個票19!AG11")} -> 0 | J50: {=INDIRECT("個票19!X15")} -> 0 | K50: {=INDIRECT("個票19!X16")} -> 0 | L50: {=INDIRECT("個票19!X17")} -> 0
B51: 20 | C51: {=INDIRECT("個票20!H7")} -> 0 | D51: {=INDIRECT("個票20!T7")} -> 0 | E51: {=INDIRECT("個票20!D9")} -> 0 | F51: {=INDIRECT("個票20!O9")} -> 0 | G51: {=INDIRECT("個票20!H10")} | H51: {=INDIRECT("個票20!W11")} -> 0 | I51: {=INDIRECT("個票20!AG11")} -> 0 | J51: {=INDIRECT("個票20!X15")} -> 0 | K51: {=INDIRECT("個票20!X16")} -> 0 | L51: {=INDIRECT("個票20!X17")} -> 0
B53: 個票番号 | C53: 整理番号 | D53: 事業所名 | E53: 科目 | F53: 支出済額（円） | G53: 内訳 | H53: 内示額（千円） | I53: 申請額（千円） | K53: 個票番号 | L53: 整理番号 | M53: 事業所名 | N53: 科目 | O53: 支出済額（円） | P53: 内訳 | Q53: 内示額（千円） | R53: 申請額（千円）
B54: 1 | C54: {=INDIRECT("個票１!H7")} -> 0 | D54: {=INDIRECT("個票１!T7")} -> 0 | E54: {=INDIRECT("個票１!A25")} -> (ア)燃料費、有料道路通行料等の移動に伴い必要となる経費 | F54: {=INDIRECT("個票１!H25")} -> 0 | G54: {=INDIRECT("個票１!M25")} -> 0 | H54: {=INDIRECT("個票１!AD22")} | I54: {=INDIRECT("個票１!AI22")} -> 0 | K54: 1 | L54: {=INDIRECT("個票１!H7")} -> 0 | M54: {=INDIRECT("個票１!T7")} -> 0 | N54: {=INDIRECT("個票１!A33")} -> (ア)飲料水、食料品等の備蓄物資の購入等経費 | O54: {=INDIRECT("個票１!H33")} -> 0 | P54: {=INDIRECT("個票１!M33")} -> 0 | Q54: {=INDIRECT("個票１!AD22")} | R54: {=INDIRECT("個票１!AI22")} -> 0
B55: 1 | C55: {=INDIRECT("個票１!H7")} -> 0 | D55: {=INDIRECT("個票１!T7")} -> 0 | E55: {=INDIRECT("個票１!A26")} -> (イ)ネッククーラー（ヒーター）等の猛暑・雪害対策用品の購入等経費 | F55: {=INDIRECT("個票１!H26")} -> 0 | G55: {=INDIRECT("個票１!M26")} -> 0 | H55: {=INDIRECT("個票１!AD22")} | I55: {=INDIRECT("個票１!AI22")} -> 0 | K55: 1 | L55: {=INDIRECT("個票１!H7")} -> 0 | M55: {=INDIRECT("個票１!T7")} -> 0 | N55: {=INDIRECT("個票１!A34")} -> (イ)ポータブル発電機、ポータブル電源・蓄電池等の購入等経費 | O55: {=INDIRECT("個票１!H34")} -> 0 | P55: {=INDIRECT("個票１!M34")} -> 0 | Q55: {=INDIRECT("個票１!AD22")} | R55: {=INDIRECT("個票１!AI22")} -> 0
B56: 1 | C56: {=INDIRECT("個票１!H7")} -> 0 | D56: {=INDIRECT("個票１!T7")} -> 0 | E56: {=INDIRECT("個票１!A27")} -> (ウ)燃料費等の入居者・利用者の生活環境改善、職員の負担軽減・勤務環境改善に必要となる経費 | F56: {=INDIRECT("個票１!H27")} -> 0 | G56: {=INDIRECT("個票１!M27")} -> 0 | H56: {=INDIRECT("個票１!AD22")} | I56: {=INDIRECT("個票１!AI22")} -> 0 | K56: 1 | L56: {=INDIRECT("個票１!H7")} -> 0 | M56: {=INDIRECT("個票１!T7")} -> 0 | N56: {=INDIRECT("個票１!A35")} -> (ウ)衛生用品、医療用品等の購入等経費 | O56: {=INDIRECT("個票１!H35")} -> 0 | P56: {=INDIRECT("個票１!M35")} -> 0 | Q56: {=INDIRECT("個票１!AD22")} | R56: {=INDIRECT("個票１!AI22")} -> 0
B57: 1 | C57: {=INDIRECT("個票１!H7")} -> 0 | D57: {=INDIRECT("個票１!T7")} -> 0 | E57: {=INDIRECT("個票１!A28")} -> (エ)業務用スポットクーラー（ヒーター）等の居室や浴室等における温度管理、湿度管理に必要な設備・物品等の購入等経費 | F57: {=INDIRECT("個票１!H28")} -> 0 | G57: {=INDIRECT("個票１!M28")} -> 0 | H57: {=INDIRECT("個票１!AD22")} | I57: {=INDIRECT("個票１!AI22")} -> 0 | K57: 1 | L57: {=INDIRECT("個票１!H7")} -> 0 | M57: {=INDIRECT("個票１!T7")} -> 0 | N57: {=INDIRECT("個票１!A36")} -> (エ)簡易浄水器、冷房機、暖房機、簡易トイレ、清潔保持のための用具等の購入等経費 | O57: {=INDIRECT("個票１!H36")} -> 0 | P57: {=INDIRECT("個票１!M36")} -> 0 | Q57: {=INDIRECT("個票１!AD22")} | R57: {=INDIRECT("個票１!AI22")} -> 0
B58: 1 | C58: {=INDIRECT("個票１!H7")} -> 0 | D58: {=INDIRECT("個票１!T7")} -> 0 | E58: {=INDIRECT("個票１!A29")} -> 合計 | F58: {=INDIRECT("個票１!H29")} -> 0 | G58: {=INDIRECT("個票１!M29")} -> 0 | H58: {=INDIRECT("個票１!AD22")} | I58: {=INDIRECT("個票１!AI22")} -> 0 | K58: 1 | L58: {=INDIRECT("個票１!H7")} -> 0 | M58: {=INDIRECT("個票１!T7")} -> 0 | N58: {=INDIRECT("個票１!A37")} -> (オ)その他災害への備えとして必要と認められる経費 | O58: {=INDIRECT("個票１!H37")} -> 0 | P58: {=INDIRECT("個票１!M37")} -> 0 | Q58: {=INDIRECT("個票１!AD22")} | R58: {=INDIRECT("個票１!AI22")} -> 0
B59: 2 | C59: {=INDIRECT("個票2!H7")} -> 0 | D59: {=INDIRECT("個票2!T7")} -> 0 | E59: {=INDIRECT("個票2!A25")} -> (ア)燃料費、有料道路通行料等の移動に伴い必要となる経費 | F59: {=INDIRECT("個票2!H25")} -> 0 | G59: {=INDIRECT("個票2!M25")} -> 0 | H59: {=INDIRECT("個票2!AD22")} | I59: {=INDIRECT("個票2!AI22")} -> 0 | K59: 1 | L59: {=INDIRECT("個票１!H7")} -> 0 | M59: {=INDIRECT("個票１!T7")} -> 0 | N59: {=INDIRECT("個票１!A38")} -> 合計 | O59: {=INDIRECT("個票１!H38")} -> 0 | P59: {=INDIRECT("個票１!M38")} -> 0 | Q59: {=INDIRECT("個票１!AD22")} | R59: {=INDIRECT("個票１!AI22")} -> 0
B60: 2 | C60: {=INDIRECT("個票2!H7")} -> 0 | D60: {=INDIRECT("個票2!T7")} -> 0 | E60: {=INDIRECT("個票2!A26")} -> (イ)ネッククーラー（ヒーター）等の猛暑・雪害対策用品の購入等経費 | F60: {=INDIRECT("個票2!H26")} -> 0 | G60: {=INDIRECT("個票2!M26")} -> 0 | H60: {=INDIRECT("個票2!AD22")} | I60: {=INDIRECT("個票2!AI22")} -> 0 | K60: 2 | L60: {=INDIRECT("個票2!H7")} -> 0 | M60: {=INDIRECT("個票2!T7")} -> 0 | N60: {=INDIRECT("個票2!A33")} -> (ア)飲料水、食料品等の備蓄物資の購入等経費 | O60: {=INDIRECT("個票2!H33")} -> 0 | P60: {=INDIRECT("個票2!M33")} -> 0 | Q60: {=INDIRECT("個票2!AD22")} | R60: {=INDIRECT("個票2!AI22")} -> 0
B61: 2 | C61: {=INDIRECT("個票2!H7")} -> 0 | D61: {=INDIRECT("個票2!T7")} -> 0 | E61: {=INDIRECT("個票2!A27")} -> (ウ)燃料費等の入居者・利用者の生活環境改善、職員の負担軽減・勤務環境改善に必要となる経費 | F61: {=INDIRECT("個票2!H27")} -> 0 | G61: {=INDIRECT("個票2!M27")} -> 0 | H61: {=INDIRECT("個票2!AD22")} | I61: {=INDIRECT("個票2!AI22")} -> 0 | K61: 2 | L61: {=INDIRECT("個票2!H7")} -> 0 | M61: {=INDIRECT("個票2!T7")} -> 0 | N61: {=INDIRECT("個票2!A34")} -> (イ)ポータブル発電機、ポータブル電源・蓄電池等の購入等経費 | O61: {=INDIRECT("個票2!H34")} -> 0 | P61: {=INDIRECT("個票2!M34")} -> 0 | Q61: {=INDIRECT("個票2!AD22")} | R61: {=INDIRECT("個票2!AI22")} -> 0
B62: 2 | C62: {=INDIRECT("個票2!H7")} -> 0 | D62: {=INDIRECT("個票2!T7")} -> 0 | E62: {=INDIRECT("個票2!A28")} -> (エ)業務用スポットクーラー（ヒーター）等の居室や浴室等における温度管理、湿度管理に必要な設備・物品等の購入等経費 | F62: {=INDIRECT("個票2!H28")} -> 0 | G62: {=INDIRECT("個票2!M28")} -> 0 | H62: {=INDIRECT("個票2!AD22")} | I62: {=INDIRECT("個票2!AI22")} -> 0 | K62: 2 | L62: {=INDIRECT("個票2!H7")} -> 0 | M62: {=INDIRECT("個票2!T7")} -> 0 | N62: {=INDIRECT("個票2!A35")} -> (ウ)衛生用品、医療用品等の購入等経費 | O62: {=INDIRECT("個票2!H35")} -> 0 | P62: {=INDIRECT("個票2!M35")} -> 0 | Q62: {=INDIRECT("個票2!AD22")} | R62: {=INDIRECT("個票2!AI22")} -> 0
B63: 2 | C63: {=INDIRECT("個票2!H7")} -> 0 | D63: {=INDIRECT("個票2!T7")} -> 0 | E63: {=INDIRECT("個票2!A29")} -> 合計 | F63: {=INDIRECT("個票2!H29")} -> 0 | G63: {=INDIRECT("個票2!M29")} -> 0 | H63: {=INDIRECT("個票2!AD22")} | I63: {=INDIRECT("個票2!AI22")} -> 0 | K63: 2 | L63: {=INDIRECT("個票2!H7")} -> 0 | M63: {=INDIRECT("個票2!T7")} -> 0 | N63: {=INDIRECT("個票2!A36")} -> (エ)簡易浄水器、冷房機、暖房機、簡易トイレ、清潔保持のための用具等の購入等経費 | O63: {=INDIRECT("個票2!H36")} -> 0 | P63: {=INDIRECT("個票2!M36")} -> 0 | Q63: {=INDIRECT("個票2!AD22")} | R63: {=INDIRECT("個票2!AI22")} -> 0
B64: 3 | C64: {=INDIRECT("個票3!H7")} -> 0 | D64: {=INDIRECT("個票3!T7")} -> 0 | E64: {=INDIRECT("個票3!A25")} -> (ア)燃料費、有料道路通行料等の移動に伴い必要となる経費 | F64: {=INDIRECT("個票3!H25")} -> 0 | G64: {=INDIRECT("個票3!M25")} -> 0 | H64: {=INDIRECT("個票3!AD22")} | I64: {=INDIRECT("個票3!AI22")} -> 0 | K64: 2 | L64: {=INDIRECT("個票2!H7")} -> 0 | M64: {=INDIRECT("個票2!T7")} -> 0 | N64: {=INDIRECT("個票2!A37")} -> (オ)その他災害への備えとして必要と認められる経費 | O64: {=INDIRECT("個票2!H37")} -> 0 | P64: {=INDIRECT("個票2!M37")} -> 0 | Q64: {=INDIRECT("個票2!AD22")} | R64: {=INDIRECT("個票2!AI22")} -> 0
B65: 3 | C65: {=INDIRECT("個票3!H7")} -> 0 | D65: {=INDIRECT("個票3!T7")} -> 0 | E65: {=INDIRECT("個票3!A26")} -> (イ)ネッククーラー（ヒーター）等の猛暑・雪害対策用品の購入等経費 | F65: {=INDIRECT("個票3!H26")} -> 0 | G65: {=INDIRECT("個票3!M26")} -> 0 | H65: {=INDIRECT("個票3!AD22")} | I65: {=INDIRECT("個票3!AI22")} -> 0 | K65: 2 | L65: {=INDIRECT("個票2!H7")} -> 0 | M65: {=INDIRECT("個票2!T7")} -> 0 | N65: {=INDIRECT("個票2!A38")} -> 合計 | O65: {=INDIRECT("個票2!H38")} -> 0 | P65: {=INDIRECT("個票2!M38")} -> 0 | Q65: {=INDIRECT("個票2!AD22")} | R65: {=INDIRECT("個票2!AI22")} -> 0
B66: 3 | C66: {=INDIRECT("個票3!H7")} -> 0 | D66: {=INDIRECT("個票3!T7")} -> 0 | E66: {=INDIRECT("個票3!A27")} -> (ウ)燃料費等の入居者・利用者の生活環境改善、職員の負担軽減・勤務環境改善に必要となる経費 | F66: {=INDIRECT("個票3!H27")} -> 0 | G66: {=INDIRECT("個票3!M27")} -> 0 | H66: {=INDIRECT("個票3!AD22")} | I66: {=INDIRECT("個票3!AI22")} -> 0 | K66: 3 | L66: {=INDIRECT("個票3!H7")} -> 0 | M66: {=INDIRECT("個票3!T7")} -> 0 | N66: {=INDIRECT("個票3!A33")} -> (ア)飲料水、食料品等の備蓄物資の購入等経費 | O66: {=INDIRECT("個票3!H33")} -> 0 | P66: {=INDIRECT("個票3!M33")} -> 0 | Q66: {=INDIRECT("個票3!AD22")} | R66: {=INDIRECT("個票3!AI22")} -> 0
B67: 3 | C67: {=INDIRECT("個票3!H7")} -> 0 | D67: {=INDIRECT("個票3!T7")} -> 0 | E67: {=INDIRECT("個票3!A28")} -> (エ)業務用スポットクーラー（ヒーター）等の居室や浴室等における温度管理、湿度管理に必要な設備・物品等の購入等経費 | F67: {=INDIRECT("個票3!H28")} -> 0 | G67: {=INDIRECT("個票3!M28")} -> 0 | H67: {=INDIRECT("個票3!AD22")} | I67: {=INDIRECT("個票3!AI22")} -> 0 | K67: 3 | L67: {=INDIRECT("個票3!H7")} -> 0 | M67: {=INDIRECT("個票3!T7")} -> 0 | N67: {=INDIRECT("個票3!A34")} -> (イ)ポータブル発電機、ポータブル電源・蓄電池等の購入等経費 | O67: {=INDIRECT("個票3!H34")} -> 0 | P67: {=INDIRECT("個票3!M34")} -> 0 | Q67: {=INDIRECT("個票3!AD22")} | R67: {=INDIRECT("個票3!AI22")} -> 0
B68: 3 | C68: {=INDIRECT("個票3!H7")} -> 0 | D68: {=INDIRECT("個票3!T7")} -> 0 | E68: {=INDIRECT("個票3!A29")} -> 合計 | F68: {=INDIRECT("個票3!H29")} -> 0 | G68: {=INDIRECT("個票3!M29")} -> 0 | H68: {=INDIRECT("個票3!AD22")} | I68: {=INDIRECT("個票3!AI22")} -> 0 | K68: 3 | L68: {=INDIRECT("個票3!H7")} -> 0 | M68: {=INDIRECT("個票3!T7")} -> 0 | N68: {=INDIRECT("個票3!A35")} -> (ウ)衛生用品、医療用品等の購入等経費 | O68: {=INDIRECT("個票3!H35")} -> 0 | P68: {=INDIRECT("個票3!M35")} -> 0 | Q68: {=INDIRECT("個票3!AD22")} | R68: {=INDIRECT("個票3!AI22")} -> 0
B69: 4 | C69: {=INDIRECT("個票4!H7")} -> 0 | D69: {=INDIRECT("個票4!T7")} -> 0 | E69: {=INDIRECT("個票4!A25")} -> (ア)燃料費、有料道路通行料等の移動に伴い必要となる経費 | F69: {=INDIRECT("個票4!H25")} -> 0 | G69: {=INDIRECT("個票4!M25")} -> 0 | H69: {=INDIRECT("個票4!AD22")} | I69: {=INDIRECT("個票4!AI22")} -> 0 | K69: 3 | L69: {=INDIRECT("個票3!H7")} -> 0 | M69: {=INDIRECT("個票3!T7")} -> 0 | N69: {=INDIRECT("個票3!A36")} -> (エ)簡易浄水器、冷房機、暖房機、簡易トイレ、清潔保持のための用具等の購入等経費 | O69: {=INDIRECT("個票3!H36")} -> 0 | P69: {=INDIRECT("個票3!M36")} -> 0 | Q69: {=INDIRECT("個票3!AD22")} | R69: {=INDIRECT("個票3!AI22")} -> 0
B70: 4 | C70: {=INDIRECT("個票4!H7")} -> 0 | D70: {=INDIRECT("個票4!T7")} -> 0 | E70: {=INDIRECT("個票4!A26")} -> (イ)ネッククーラー（ヒーター）等の猛暑・雪害対策用品の購入等経費 | F70: {=INDIRECT("個票4!H26")} -> 0 | G70: {=INDIRECT("個票4!M26")} -> 0 | H70: {=INDIRECT("個票4!AD22")} | I70: {=INDIRECT("個票4!AI22")} -> 0 | K70: 3 | L70: {=INDIRECT("個票3!H7")} -> 0 | M70: {=INDIRECT("個票3!T7")} -> 0 | N70: {=INDIRECT("個票3!A37")} -> (オ)その他災害への備えとして必要と認められる経費 | O70: {=INDIRECT("個票3!H37")} -> 0 | P70: {=INDIRECT("個票3!M37")} -> 0 | Q70: {=INDIRECT("個票3!AD22")} | R70: {=INDIRECT("個票3!AI22")} -> 0
B71: 4 | C71: {=INDIRECT("個票4!H7")} -> 0 | D71: {=INDIRECT("個票4!T7")} -> 0 | E71: {=INDIRECT("個票4!A27")} -> (ウ)燃料費等の入居者・利用者の生活環境改善、職員の負担軽減・勤務環境改善に必要となる経費 | F71: {=INDIRECT("個票4!H27")} -> 0 | G71: {=INDIRECT("個票4!M27")} -> 0 | H71: {=INDIRECT("個票4!AD22")} | I71: {=INDIRECT("個票4!AI22")} -> 0 | K71: 3 | L71: {=INDIRECT("個票3!H7")} -> 0 | M71: {=INDIRECT("個票3!T7")} -> 0 | N71: {=INDIRECT("個票3!A38")} -> 合計 | O71: {=INDIRECT("個票3!H38")} -> 0 | P71: {=INDIRECT("個票3!M38")} -> 0 | Q71: {=INDIRECT("個票3!AD22")} | R71: {=INDIRECT("個票3!AI22")} -> 0
B72: 4 | C72: {=INDIRECT("個票4!H7")} -> 0 | D72: {=INDIRECT("個票4!T7")} -> 0 | E72: {=INDIRECT("個票4!A28")} -> (エ)業務用スポットクーラー（ヒーター）等の居室や浴室等における温度管理、湿度管理に必要な設備・物品等の購入等経費 | F72: {=INDIRECT("個票4!H28")} -> 0 | G72: {=INDIRECT("個票4!M28")} -> 0 | H72: {=INDIRECT("個票4!AD22")} | I72: {=INDIRECT("個票4!AI22")} -> 0 | K72: 4 | L72: {=INDIRECT("個票4!H7")} -> 0 | M72: {=INDIRECT("個票4!T7")} -> 0 | N72: {=INDIRECT("個票4!A33")} -> (ア)飲料水、食料品等の備蓄物資の購入等経費 | O72: {=INDIRECT("個票4!H33")} -> 0 | P72: {=INDIRECT("個票4!M33")} -> 0 | Q72: {=INDIRECT("個票4!AD22")} | R72: {=INDIRECT("個票4!AI22")} -> 0
B73: 4 | C73: {=INDIRECT("個票4!H7")} -> 0 | D73: {=INDIRECT("個票4!T7")} -> 0 | E73: {=INDIRECT("個票4!A29")} -> 合計 | F73: {=INDIRECT("個票4!H29")} -> 0 | G73: {=INDIRECT("個票4!M29")} -> 0 | H73: {=INDIRECT("個票4!AD22")} | I73: {=INDIRECT("個票4!AI22")} -> 0 | K73: 4 | L73: {=INDIRECT("個票4!H7")} -> 0 | M73: {=INDIRECT("個票4!T7")} -> 0 | N73: {=INDIRECT("個票4!A34")} -> (イ)ポータブル発電機、ポータブル電源・蓄電池等の購入等経費 | O73: {=INDIRECT("個票4!H34")} -> 0 | P73: {=INDIRECT("個票4!M34")} -> 0 | Q73: {=INDIRECT("個票4!AD22")} | R73: {=INDIRECT("個票4!AI22")} -> 0
B74: 5 | C74: {=INDIRECT("個票5!H7")} -> 0 | D74: {=INDIRECT("個票5!T7")} -> 0 | E74: {=INDIRECT("個票5!A25")} -> (ア)燃料費、有料道路通行料等の移動に伴い必要となる経費 | F74: {=INDIRECT("個票5!H25")} -> 0 | G74: {=INDIRECT("個票5!M25")} -> 0 | H74: {=INDIRECT("個票5!AD22")} | I74: {=INDIRECT("個票5!AI22")} -> 0 | K74: 4 | L74: {=INDIRECT("個票4!H7")} -> 0 | M74: {=INDIRECT("個票4!T7")} -> 0 | N74: {=INDIRECT("個票4!A35")} -> (ウ)衛生用品、医療用品等の購入等経費 | O74: {=INDIRECT("個票4!H35")} -> 0 | P74: {=INDIRECT("個票4!M35")} -> 0 | Q74: {=INDIRECT("個票4!AD22")} | R74: {=INDIRECT("個票4!AI22")} -> 0
B75: 5 | C75: {=INDIRECT("個票5!H7")} -> 0 | D75: {=INDIRECT("個票5!T7")} -> 0 | E75: {=INDIRECT("個票5!A26")} -> (イ)ネッククーラー（ヒーター）等の猛暑・雪害対策用品の購入等経費 | F75: {=INDIRECT("個票5!H26")} -> 0 | G75: {=INDIRECT("個票5!M26")} -> 0 | H75: {=INDIRECT("個票5!AD22")} | I75: {=INDIRECT("個票5!AI22")} -> 0 | K75: 4 | L75: {=INDIRECT("個票4!H7")} -> 0 | M75: {=INDIRECT("個票4!T7")} -> 0 | N75: {=INDIRECT("個票4!A36")} -> (エ)簡易浄水器、冷房機、暖房機、簡易トイレ、清潔保持のための用具等の購入等経費 | O75: {=INDIRECT("個票4!H36")} -> 0 | P75: {=INDIRECT("個票4!M36")} -> 0 | Q75: {=INDIRECT("個票4!AD22")} | R75: {=INDIRECT("個票4!AI22")} -> 0
B76: 5 | C76: {=INDIRECT("個票5!H7")} -> 0 | D76: {=INDIRECT("個票5!T7")} -> 0 | E76: {=INDIRECT("個票5!A27")} -> (ウ)燃料費等の入居者・利用者の生活環境改善、職員の負担軽減・勤務環境改善に必要となる経費 | F76: {=INDIRECT("個票5!H27")} -> 0 | G76: {=INDIRECT("個票5!M27")} -> 0 | H76: {=INDIRECT("個票5!AD22")} | I76: {=INDIRECT("個票5!AI22")} -> 0 | K76: 4 | L76: {=INDIRECT("個票4!H7")} -> 0 | M76: {=INDIRECT("個票4!T7")} -> 0 | N76: {=INDIRECT("個票4!A37")} -> (オ)その他災害への備えとして必要と認められる経費 | O76: {=INDIRECT("個票4!H37")} -> 0 | P76: {=INDIRECT("個票4!M37")} -> 0 | Q76: {=INDIRECT("個票4!AD22")} | R76: {=INDIRECT("個票4!AI22")} -> 0
B77: 5 | C77: {=INDIRECT("個票5!H7")} -> 0 | D77: {=INDIRECT("個票5!T7")} -> 0 | E77: {=INDIRECT("個票5!A28")} -> (エ)業務用スポットクーラー（ヒーター）等の居室や浴室等における温度管理、湿度管理に必要な設備・物品等の購入等経費 | F77: {=INDIRECT("個票5!H28")} -> 0 | G77: {=INDIRECT("個票5!M28")} -> 0 | H77: {=INDIRECT("個票5!AD22")} | I77: {=INDIRECT("個票5!AI22")} -> 0 | K77: 4 | L77: {=INDIRECT("個票4!H7")} -> 0 | M77: {=INDIRECT("個票4!T7")} -> 0 | N77: {=INDIRECT("個票4!A38")} -> 合計 | O77: {=INDIRECT("個票4!H38")} -> 0 | P77: {=INDIRECT("個票4!M38")} -> 0 | Q77: {=INDIRECT("個票4!AD22")} | R77: {=INDIRECT("個票4!AI22")} -> 0
B78: 5 | C78: {=INDIRECT("個票5!H7")} -> 0 | D78: {=INDIRECT("個票5!T7")} -> 0 | E78: {=INDIRECT("個票5!A29")} -> 合計 | F78: {=INDIRECT("個票5!H29")} -> 0 | G78: {=INDIRECT("個票5!M29")} -> 0 | H78: {=INDIRECT("個票5!AD22")} | I78: {=INDIRECT("個票5!AI22")} -> 0 | K78: 5 | L78: {=INDIRECT("個票5!H7")} -> 0 | M78: {=INDIRECT("個票5!T7")} -> 0 | N78: {=INDIRECT("個票5!A33")} -> (ア)飲料水、食料品等の備蓄物資の購入等経費 | O78: {=INDIRECT("個票5!H33")} -> 0 | P78: {=INDIRECT("個票5!M33")} -> 0 | Q78: {=INDIRECT("個票5!AD22")} | R78: {=INDIRECT("個票5!AI22")} -> 0
B79: 6 | C79: {=INDIRECT("個票6!H7")} -> 0 | D79: {=INDIRECT("個票6!T7")} -> 0 | E79: {=INDIRECT("個票6!A25")} -> (ア)燃料費、有料道路通行料等の移動に伴い必要となる経費 | F79: {=INDIRECT("個票6!H25")} -> 0 | G79: {=INDIRECT("個票6!M25")} -> 0 | H79: {=INDIRECT("個票6!AD22")} | I79: {=INDIRECT("個票6!AI22")} -> 0 | K79: 5 | L79: {=INDIRECT("個票5!H7")} -> 0 | M79: {=INDIRECT("個票5!T7")} -> 0 | N79: {=INDIRECT("個票5!A34")} -> (イ)ポータブル発電機、ポータブル電源・蓄電池等の購入等経費 | O79: {=INDIRECT("個票5!H34")} -> 0 | P79: {=INDIRECT("個票5!M34")} -> 0 | Q79: {=INDIRECT("個票5!AD22")} | R79: {=INDIRECT("個票5!AI22")} -> 0
B80: 6 | C80: {=INDIRECT("個票6!H7")} -> 0 | D80: {=INDIRECT("個票6!T7")} -> 0 | E80: {=INDIRECT("個票6!A26")} -> (イ)ネッククーラー（ヒーター）等の猛暑・雪害対策用品の購入等経費 | F80: {=INDIRECT("個票6!H26")} -> 0 | G80: {=INDIRECT("個票6!M26")} -> 0 | H80: {=INDIRECT("個票6!AD22")} | I80: {=INDIRECT("個票6!AI22")} -> 0 | K80: 5 | L80: {=INDIRECT("個票5!H7")} -> 0 | M80: {=INDIRECT("個票5!T7")} -> 0 | N80: {=INDIRECT("個票5!A35")} -> (ウ)衛生用品、医療用品等の購入等経費 | O80: {=INDIRECT("個票5!H35")} -> 0 | P80: {=INDIRECT("個票5!M35")} -> 0 | Q80: {=INDIRECT("個票5!AD22")} | R80: {=INDIRECT("個票5!AI22")} -> 0
B81: 6 | C81: {=INDIRECT("個票6!H7")} -> 0 | D81: {=INDIRECT("個票6!T7")} -> 0 | E81: {=INDIRECT("個票6!A27")} -> (ウ)燃料費等の入居者・利用者の生活環境改善、職員の負担軽減・勤務環境改善に必要となる経費 | F81: {=INDIRECT("個票6!H27")} -> 0 | G81: {=INDIRECT("個票6!M27")} -> 0 | H81: {=INDIRECT("個票6!AD22")} | I81: {=INDIRECT("個票6!AI22")} -> 0 | K81: 5 | L81: {=INDIRECT("個票5!H7")} -> 0 | M81: {=INDIRECT("個票5!T7")} -> 0 | N81: {=INDIRECT("個票5!A36")} -> (エ)簡易浄水器、冷房機、暖房機、簡易トイレ、清潔保持のための用具等の購入等経費 | O81: {=INDIRECT("個票5!H36")} -> 0 | P81: {=INDIRECT("個票5!M36")} -> 0 | Q81: {=INDIRECT("個票5!AD22")} | R81: {=INDIRECT("個票5!AI22")} -> 0
B82: 6 | C82: {=INDIRECT("個票6!H7")} -> 0 | D82: {=INDIRECT("個票6!T7")} -> 0 | E82: {=INDIRECT("個票6!A28")} -> (エ)業務用スポットクーラー（ヒーター）等の居室や浴室等における温度管理、湿度管理に必要な設備・物品等の購入等経費 | F82: {=INDIRECT("個票6!H28")} -> 0 | G82: {=INDIRECT("個票6!M28")} -> 0 | H82: {=INDIRECT("個票6!AD22")} | I82: {=INDIRECT("個票6!AI22")} -> 0 | K82: 5 | L82: {=INDIRECT("個票5!H7")} -> 0 | M82: {=INDIRECT("個票5!T7")} -> 0 | N82: {=INDIRECT("個票5!A37")} -> (オ)その他災害への備えとして必要と認められる経費 | O82: {=INDIRECT("個票5!H37")} -> 0 | P82: {=INDIRECT("個票5!M37")} -> 0 | Q82: {=INDIRECT("個票5!AD22")} | R82: {=INDIRECT("個票5!AI22")} -> 0
B83: 6 | C83: {=INDIRECT("個票6!H7")} -> 0 | D83: {=INDIRECT("個票6!T7")} -> 0 | E83: {=INDIRECT("個票6!A29")} -> 合計 | F83: {=INDIRECT("個票6!H29")} -> 0 | G83: {=INDIRECT("個票6!M29")} -> 0 | H83: {=INDIRECT("個票6!AD22")} | I83: {=INDIRECT("個票6!AI22")} -> 0 | K83: 5 | L83: {=INDIRECT("個票5!H7")} -> 0 | M83: {=INDIRECT("個票5!T7")} -> 0 | N83: {=INDIRECT("個票5!A38")} -> 合計 | O83: {=INDIRECT("個票5!H38")} -> 0 | P83: {=INDIRECT("個票5!M38")} -> 0 | Q83: {=INDIRECT("個票5!AD22")} | R83: {=INDIRECT("個票5!AI22")} -> 0
B84: 7 | C84: {=INDIRECT("個票7!H7")} -> 0 | D84: {=INDIRECT("個票7!T7")} -> 0 | E84: {=INDIRECT("個票7!A25")} -> (ア)燃料費、有料道路通行料等の移動に伴い必要となる経費 | F84: {=INDIRECT("個票7!H25")} -> 0 | G84: {=INDIRECT("個票7!M25")} -> 0 | H84: {=INDIRECT("個票7!AD22")} | I84: {=INDIRECT("個票7!AI22")} -> 0 | K84: 6 | L84: {=INDIRECT("個票6!H7")} -> 0 | M84: {=INDIRECT("個票6!T7")} -> 0 | N84: {=INDIRECT("個票6!A33")} -> (ア)飲料水、食料品等の備蓄物資の購入等経費 | O84: {=INDIRECT("個票6!H33")} -> 0 | P84: {=INDIRECT("個票6!M33")} -> 0 | Q84: {=INDIRECT("個票6!AD22")} | R84: {=INDIRECT("個票6!AI22")} -> 0
B85: 7 | C85: {=INDIRECT("個票7!H7")} -> 0 | D85: {=INDIRECT("個票7!T7")} -> 0 | E85: {=INDIRECT("個票7!A26")} -> (イ)ネッククーラー（ヒーター）等の猛暑・雪害対策用品の購入等経費 | F85: {=INDIRECT("個票7!H26")} -> 0 | G85: {=INDIRECT("個票7!M26")} -> 0 | H85: {=INDIRECT("個票7!AD22")} | I85: {=INDIRECT("個票7!AI22")} -> 0 | K85: 6 | L85: {=INDIRECT("個票6!H7")} -> 0 | M85: {=INDIRECT("個票6!T7")} -> 0 | N85: {=INDIRECT("個票6!A34")} -> (イ)ポータブル発電機、ポータブル電源・蓄電池等の購入等経費 | O85: {=INDIRECT("個票6!H34")} -> 0 | P85: {=INDIRECT("個票6!M34")} -> 0 | Q85: {=INDIRECT("個票6!AD22")} | R85: {=INDIRECT("個票6!AI22")} -> 0
B86: 7 | C86: {=INDIRECT("個票7!H7")} -> 0 | D86: {=INDIRECT("個票7!T7")} -> 0 | E86: {=INDIRECT("個票7!A27")} -> (ウ)燃料費等の入居者・利用者の生活環境改善、職員の負担軽減・勤務環境改善に必要となる経費 | F86: {=INDIRECT("個票7!H27")} -> 0 | G86: {=INDIRECT("個票7!M27")} -> 0 | H86: {=INDIRECT("個票7!AD22")} | I86: {=INDIRECT("個票7!AI22")} -> 0 | K86: 6 | L86: {=INDIRECT("個票6!H7")} -> 0 | M86: {=INDIRECT("個票6!T7")} -> 0 | N86: {=INDIRECT("個票6!A35")} -> (ウ)衛生用品、医療用品等の購入等経費 | O86: {=INDIRECT("個票6!H35")} -> 0 | P86: {=INDIRECT("個票6!M35")} -> 0 | Q86: {=INDIRECT("個票6!AD22")} | R86: {=INDIRECT("個票6!AI22")} -> 0
B87: 7 | C87: {=INDIRECT("個票7!H7")} -> 0 | D87: {=INDIRECT("個票7!T7")} -> 0 | E87: {=INDIRECT("個票7!A28")} -> (エ)業務用スポットクーラー（ヒーター）等の居室や浴室等における温度管理、湿度管理に必要な設備・物品等の購入等経費 | F87: {=INDIRECT("個票7!H28")} -> 0 | G87: {=INDIRECT("個票7!M28")} -> 0 | H87: {=INDIRECT("個票7!AD22")} | I87: {=INDIRECT("個票7!AI22")} -> 0 | K87: 6 | L87: {=INDIRECT("個票6!H7")} -> 0 | M87: {=INDIRECT("個票6!T7")} -> 0 | N87: {=INDIRECT("個票6!A36")} -> (エ)簡易浄水器、冷房機、暖房機、簡易トイレ、清潔保持のための用具等の購入等経費 | O87: {=INDIRECT("個票6!H36")} -> 0 | P87: {=INDIRECT("個票6!M36")} -> 0 | Q87: {=INDIRECT("個票6!AD22")} | R87: {=INDIRECT("個票6!AI22")} -> 0
B88: 7 | C88: {=INDIRECT("個票7!H7")} -> 0 | D88: {=INDIRECT("個票7!T7")} -> 0 | E88: {=INDIRECT("個票7!A29")} -> 合計 | F88: {=INDIRECT("個票7!H29")} -> 0 | G88: {=INDIRECT("個票7!M29")} -> 0 | H88: {=INDIRECT("個票7!AD22")} | I88: {=INDIRECT("個票7!AI22")} -> 0 | K88: 6 | L88: {=INDIRECT("個票6!H7")} -> 0 | M88: {=INDIRECT("個票6!T7")} -> 0 | N88: {=INDIRECT("個票6!A37")} -> (オ)その他災害への備えとして必要と認められる経費 | O88: {=INDIRECT("個票6!H37")} -> 0 | P88: {=INDIRECT("個票6!M37")} -> 0 | Q88: {=INDIRECT("個票6!AD22")} | R88: {=INDIRECT("個票6!AI22")} -> 0
B89: 8 | C89: {=INDIRECT("個票8!H7")} -> 0 | D89: {=INDIRECT("個票8!T7")} -> 0 | E89: {=INDIRECT("個票8!A25")} -> (ア)燃料費、有料道路通行料等の移動に伴い必要となる経費 | F89: {=INDIRECT("個票8!H25")} -> 0 | G89: {=INDIRECT("個票8!M25")} -> 0 | H89: {=INDIRECT("個票8!AD22")} | I89: {=INDIRECT("個票8!AI22")} -> 0 | K89: 6 | L89: {=INDIRECT("個票6!H7")} -> 0 | M89: {=INDIRECT("個票6!T7")} -> 0 | N89: {=INDIRECT("個票6!A38")} -> 合計 | O89: {=INDIRECT("個票6!H38")} -> 0 | P89: {=INDIRECT("個票6!M38")} -> 0 | Q89: {=INDIRECT("個票6!AD22")} | R89: {=INDIRECT("個票6!AI22")} -> 0
B90: 8 | C90: {=INDIRECT("個票8!H7")} -> 0 | D90: {=INDIRECT("個票8!T7")} -> 0 | E90: {=INDIRECT("個票8!A26")} -> (イ)ネッククーラー（ヒーター）等の猛暑・雪害対策用品の購入等経費 | F90: {=INDIRECT("個票8!H26")} -> 0 | G90: {=INDIRECT("個票8!M26")} -> 0 | H90: {=INDIRECT("個票8!AD22")} | I90: {=INDIRECT("個票8!AI22")} -> 0 | K90: 7 | L90: {=INDIRECT("個票7!H7")} -> 0 | M90: {=INDIRECT("個票7!T7")} -> 0 | N90: {=INDIRECT("個票7!A33")} -> (ア)飲料水、食料品等の備蓄物資の購入等経費 | O90: {=INDIRECT("個票7!H33")} -> 0 | P90: {=INDIRECT("個票7!M33")} -> 0 | Q90: {=INDIRECT("個票7!AD22")} | R90: {=INDIRECT("個票7!AI22")} -> 0
B91: 8 | C91: {=INDIRECT("個票8!H7")} -> 0 | D91: {=INDIRECT("個票8!T7")} -> 0 | E91: {=INDIRECT("個票8!A27")} -> (ウ)燃料費等の入居者・利用者の生活環境改善、職員の負担軽減・勤務環境改善に必要となる経費 | F91: {=INDIRECT("個票8!H27")} -> 0 | G91: {=INDIRECT("個票8!M27")} -> 0 | H91: {=INDIRECT("個票8!AD22")} | I91: {=INDIRECT("個票8!AI22")} -> 0 | K91: 7 | L91: {=INDIRECT("個票7!H7")} -> 0 | M91: {=INDIRECT("個票7!T7")} -> 0 | N91: {=INDIRECT("個票7!A34")} -> (イ)ポータブル発電機、ポータブル電源・蓄電池等の購入等経費 | O91: {=INDIRECT("個票7!H34")} -> 0 | P91: {=INDIRECT("個票7!M34")} -> 0 | Q91: {=INDIRECT("個票7!AD22")} | R91: {=INDIRECT("個票7!AI22")} -> 0
B92: 8 | C92: {=INDIRECT("個票8!H7")} -> 0 | D92: {=INDIRECT("個票8!T7")} -> 0 | E92: {=INDIRECT("個票8!A28")} -> (エ)業務用スポットクーラー（ヒーター）等の居室や浴室等における温度管理、湿度管理に必要な設備・物品等の購入等経費 | F92: {=INDIRECT("個票8!H28")} -> 0 | G92: {=INDIRECT("個票8!M28")} -> 0 | H92: {=INDIRECT("個票8!AD22")} | I92: {=INDIRECT("個票8!AI22")} -> 0 | K92: 7 | L92: {=INDIRECT("個票7!H7")} -> 0 | M92: {=INDIRECT("個票7!T7")} -> 0 | N92: {=INDIRECT("個票7!A35")} -> (ウ)衛生用品、医療用品等の購入等経費 | O92: {=INDIRECT("個票7!H35")} -> 0 | P92: {=INDIRECT("個票7!M35")} -> 0 | Q92: {=INDIRECT("個票7!AD22")} | R92: {=INDIRECT("個票7!AI22")} -> 0
B93: 8 | C93: {=INDIRECT("個票8!H7")} -> 0 | D93: {=INDIRECT("個票8!T7")} -> 0 | E93: {=INDIRECT("個票8!A29")} -> 合計 | F93: {=INDIRECT("個票8!H29")} -> 0 | G93: {=INDIRECT("個票8!M29")} -> 0 | H93: {=INDIRECT("個票8!AD22")} | I93: {=INDIRECT("個票8!AI22")} -> 0 | K93: 7 | L93: {=INDIRECT("個票7!H7")} -> 0 | M93: {=INDIRECT("個票7!T7")} -> 0 | N93: {=INDIRECT("個票7!A36")} -> (エ)簡易浄水器、冷房機、暖房機、簡易トイレ、清潔保持のための用具等の購入等経費 | O93: {=INDIRECT("個票7!H36")} -> 0 | P93: {=INDIRECT("個票7!M36")} -> 0 | Q93: {=INDIRECT("個票7!AD22")} | R93: {=INDIRECT("個票7!AI22")} -> 0
B94: 9 | C94: {=INDIRECT("個票9!H7")} -> 0 | D94: {=INDIRECT("個票9!T7")} -> 0 | E94: {=INDIRECT("個票9!A25")} -> (ア)燃料費、有料道路通行料等の移動に伴い必要となる経費 | F94: {=INDIRECT("個票9!H25")} -> 0 | G94: {=INDIRECT("個票9!M25")} -> 0 | H94: {=INDIRECT("個票9!AD22")} | I94: {=INDIRECT("個票9!AI22")} -> 0 | K94: 7 | L94: {=INDIRECT("個票7!H7")} -> 0 | M94: {=INDIRECT("個票7!T7")} -> 0 | N94: {=INDIRECT("個票7!A37")} -> (オ)その他災害への備えとして必要と認められる経費 | O94: {=INDIRECT("個票7!H37")} -> 0 | P94: {=INDIRECT("個票7!M37")} -> 0 | Q94: {=INDIRECT("個票7!AD22")} | R94: {=INDIRECT("個票7!AI22")} -> 0
B95: 9 | C95: {=INDIRECT("個票9!H7")} -> 0 | D95: {=INDIRECT("個票9!T7")} -> 0 | E95: {=INDIRECT("個票9!A26")} -> (イ)ネッククーラー（ヒーター）等の猛暑・雪害対策用品の購入等経費 | F95: {=INDIRECT("個票9!H26")} -> 0 | G95: {=INDIRECT("個票9!M26")} -> 0 | H95: {=INDIRECT("個票9!AD22")} | I95: {=INDIRECT("個票9!AI22")} -> 0 | K95: 7 | L95: {=INDIRECT("個票7!H7")} -> 0 | M95: {=INDIRECT("個票7!T7")} -> 0 | N95: {=INDIRECT("個票7!A38")} -> 合計 | O95: {=INDIRECT("個票7!H38")} -> 0 | P95: {=INDIRECT("個票7!M38")} -> 0 | Q95: {=INDIRECT("個票7!AD22")} | R95: {=INDIRECT("個票7!AI22")} -> 0
B96: 9 | C96: {=INDIRECT("個票9!H7")} -> 0 | D96: {=INDIRECT("個票9!T7")} -> 0 | E96: {=INDIRECT("個票9!A27")} -> (ウ)燃料費等の入居者・利用者の生活環境改善、職員の負担軽減・勤務環境改善に必要となる経費 | F96: {=INDIRECT("個票9!H27")} -> 0 | G96: {=INDIRECT("個票9!M27")} -> 0 | H96: {=INDIRECT("個票9!AD22")} | I96: {=INDIRECT("個票9!AI22")} -> 0 | K96: 8 | L96: {=INDIRECT("個票8!H7")} -> 0 | M96: {=INDIRECT("個票8!T7")} -> 0 | N96: {=INDIRECT("個票8!A33")} -> (ア)飲料水、食料品等の備蓄物資の購入等経費 | O96: {=INDIRECT("個票8!H33")} -> 0 | P96: {=INDIRECT("個票8!M33")} -> 0 | Q96: {=INDIRECT("個票8!AD22")} | R96: {=INDIRECT("個票8!AI22")} -> 0
B97: 9 | C97: {=INDIRECT("個票9!H7")} -> 0 | D97: {=INDIRECT("個票9!T7")} -> 0 | E97: {=INDIRECT("個票9!A28")} -> (エ)業務用スポットクーラー（ヒーター）等の居室や浴室等における温度管理、湿度管理に必要な設備・物品等の購入等経費 | F97: {=INDIRECT("個票9!H28")} -> 0 | G97: {=INDIRECT("個票9!M28")} -> 0 | H97: {=INDIRECT("個票9!AD22")} | I97: {=INDIRECT("個票9!AI22")} -> 0 | K97: 8 | L97: {=INDIRECT("個票8!H7")} -> 0 | M97: {=INDIRECT("個票8!T7")} -> 0 | N97: {=INDIRECT("個票8!A34")} -> (イ)ポータブル発電機、ポータブル電源・蓄電池等の購入等経費 | O97: {=INDIRECT("個票8!H34")} -> 0 | P97: {=INDIRECT("個票8!M34")} -> 0 | Q97: {=INDIRECT("個票8!AD22")} | R97: {=INDIRECT("個票8!AI22")} -> 0
B98: 9 | C98: {=INDIRECT("個票9!H7")} -> 0 | D98: {=INDIRECT("個票9!T7")} -> 0 | E98: {=INDIRECT("個票9!A29")} -> 合計 | F98: {=INDIRECT("個票9!H29")} -> 0 | G98: {=INDIRECT("個票9!M29")} -> 0 | H98: {=INDIRECT("個票9!AD22")} | I98: {=INDIRECT("個票9!AI22")} -> 0 | K98: 8 | L98: {=INDIRECT("個票8!H7")} -> 0 | M98: {=INDIRECT("個票8!T7")} -> 0 | N98: {=INDIRECT("個票8!A35")} -> (ウ)衛生用品、医療用品等の購入等経費 | O98: {=INDIRECT("個票8!H35")} -> 0 | P98: {=INDIRECT("個票8!M35")} -> 0 | Q98: {=INDIRECT("個票8!AD22")} | R98: {=INDIRECT("個票8!AI22")} -> 0
B99: 10 | C99: {=INDIRECT("個票10!H7")} -> 0 | D99: {=INDIRECT("個票10!T7")} -> 0 | E99: {=INDIRECT("個票10!A25")} -> (ア)燃料費、有料道路通行料等の移動に伴い必要となる経費 | F99: {=INDIRECT("個票10!H25")} -> 0 | G99: {=INDIRECT("個票10!M25")} -> 0 | H99: {=INDIRECT("個票10!AD22")} | I99: {=INDIRECT("個票10!AI22")} -> 0 | K99: 8 | L99: {=INDIRECT("個票8!H7")} -> 0 | M99: {=INDIRECT("個票8!T7")} -> 0 | N99: {=INDIRECT("個票8!A36")} -> (エ)簡易浄水器、冷房機、暖房機、簡易トイレ、清潔保持のための用具等の購入等経費 | O99: {=INDIRECT("個票8!H36")} -> 0 | P99: {=INDIRECT("個票8!M36")} -> 0 | Q99: {=INDIRECT("個票8!AD22")} | R99: {=INDIRECT("個票8!AI22")} -> 0
B100: 10 | C100: {=INDIRECT("個票10!H7")} -> 0 | D100: {=INDIRECT("個票10!T7")} -> 0 | E100: {=INDIRECT("個票10!A26")} -> (イ)ネッククーラー（ヒーター）等の猛暑・雪害対策用品の購入等経費 | F100: {=INDIRECT("個票10!H26")} -> 0 | G100: {=INDIRECT("個票10!M26")} -> 0 | H100: {=INDIRECT("個票10!AD22")} | I100: {=INDIRECT("個票10!AI22")} -> 0 | K100: 8 | L100: {=INDIRECT("個票8!H7")} -> 0 | M100: {=INDIRECT("個票8!T7")} -> 0 | N100: {=INDIRECT("個票8!A37")} -> (オ)その他災害への備えとして必要と認められる経費 | O100: {=INDIRECT("個票8!H37")} -> 0 | P100: {=INDIRECT("個票8!M37")} -> 0 | Q100: {=INDIRECT("個票8!AD22")} | R100: {=INDIRECT("個票8!AI22")} -> 0
B101: 10 | C101: {=INDIRECT("個票10!H7")} -> 0 | D101: {=INDIRECT("個票10!T7")} -> 0 | E101: {=INDIRECT("個票10!A27")} -> (ウ)燃料費等の入居者・利用者の生活環境改善、職員の負担軽減・勤務環境改善に必要となる経費 | F101: {=INDIRECT("個票10!H27")} -> 0 | G101: {=INDIRECT("個票10!M27")} -> 0 | H101: {=INDIRECT("個票10!AD22")} | I101: {=INDIRECT("個票10!AI22")} -> 0 | K101: 8 | L101: {=INDIRECT("個票8!H7")} -> 0 | M101: {=INDIRECT("個票8!T7")} -> 0 | N101: {=INDIRECT("個票8!A38")} -> 合計 | O101: {=INDIRECT("個票8!H38")} -> 0 | P101: {=INDIRECT("個票8!M38")} -> 0 | Q101: {=INDIRECT("個票8!AD22")} | R101: {=INDIRECT("個票8!AI22")} -> 0
B102: 10 | C102: {=INDIRECT("個票10!H7")} -> 0 | D102: {=INDIRECT("個票10!T7")} -> 0 | E102: {=INDIRECT("個票10!A28")} -> (エ)業務用スポットクーラー（ヒーター）等の居室や浴室等における温度管理、湿度管理に必要な設備・物品等の購入等経費 | F102: {=INDIRECT("個票10!H28")} -> 0 | G102: {=INDIRECT("個票10!M28")} -> 0 | H102: {=INDIRECT("個票10!AD22")} | I102: {=INDIRECT("個票10!AI22")} -> 0 | K102: 9 | L102: {=INDIRECT("個票9!H7")} -> 0 | M102: {=INDIRECT("個票9!T7")} -> 0 | N102: {=INDIRECT("個票9!A33")} -> (ア)飲料水、食料品等の備蓄物資の購入等経費 | O102: {=INDIRECT("個票9!H33")} -> 0 | P102: {=INDIRECT("個票9!M33")} -> 0 | Q102: {=INDIRECT("個票9!AD22")} | R102: {=INDIRECT("個票9!AI22")} -> 0
B103: 10 | C103: {=INDIRECT("個票10!H7")} -> 0 | D103: {=INDIRECT("個票10!T7")} -> 0 | E103: {=INDIRECT("個票10!A29")} -> 合計 | F103: {=INDIRECT("個票10!H29")} -> 0 | G103: {=INDIRECT("個票10!M29")} -> 0 | H103: {=INDIRECT("個票10!AD22")} | I103: {=INDIRECT("個票10!AI22")} -> 0 | K103: 9 | L103: {=INDIRECT("個票9!H7")} -> 0 | M103: {=INDIRECT("個票9!T7")} -> 0 | N103: {=INDIRECT("個票9!A34")} -> (イ)ポータブル発電機、ポータブル電源・蓄電池等の購入等経費 | O103: {=INDIRECT("個票9!H34")} -> 0 | P103: {=INDIRECT("個票9!M34")} -> 0 | Q103: {=INDIRECT("個票9!AD22")} | R103: {=INDIRECT("個票9!AI22")} -> 0
B104: 11 | C104: {=INDIRECT("個票11!H7")} -> 0 | D104: {=INDIRECT("個票11!T7")} -> 0 | E104: {=INDIRECT("個票11!A25")} -> (ア)燃料費、有料道路通行料等の移動に伴い必要となる経費 | F104: {=INDIRECT("個票11!H25")} -> 0 | G104: {=INDIRECT("個票11!M25")} -> 0 | H104: {=INDIRECT("個票11!AD22")} | I104: {=INDIRECT("個票11!AI22")} -> 0 | K104: 9 | L104: {=INDIRECT("個票9!H7")} -> 0 | M104: {=INDIRECT("個票9!T7")} -> 0 | N104: {=INDIRECT("個票9!A35")} -> (ウ)衛生用品、医療用品等の購入等経費 | O104: {=INDIRECT("個票9!H35")} -> 0 | P104: {=INDIRECT("個票9!M35")} -> 0 | Q104: {=INDIRECT("個票9!AD22")} | R104: {=INDIRECT("個票9!AI22")} -> 0
B105: 11 | C105: {=INDIRECT("個票11!H7")} -> 0 | D105: {=INDIRECT("個票11!T7")} -> 0 | E105: {=INDIRECT("個票11!A26")} -> (イ)ネッククーラー（ヒーター）等の猛暑・雪害対策用品の購入等経費 | F105: {=INDIRECT("個票11!H26")} -> 0 | G105: {=INDIRECT("個票11!M26")} -> 0 | H105: {=INDIRECT("個票11!AD22")} | I105: {=INDIRECT("個票11!AI22")} -> 0 | K105: 9 | L105: {=INDIRECT("個票9!H7")} -> 0 | M105: {=INDIRECT("個票9!T7")} -> 0 | N105: {=INDIRECT("個票9!A36")} -> (エ)簡易浄水器、冷房機、暖房機、簡易トイレ、清潔保持のための用具等の購入等経費 | O105: {=INDIRECT("個票9!H36")} -> 0 | P105: {=INDIRECT("個票9!M36")} -> 0 | Q105: {=INDIRECT("個票9!AD22")} | R105: {=INDIRECT("個票9!AI22")} -> 0
B106: 11 | C106: {=INDIRECT("個票11!H7")} -> 0 | D106: {=INDIRECT("個票11!T7")} -> 0 | E106: {=INDIRECT("個票11!A27")} -> (ウ)燃料費等の入居者・利用者の生活環境改善、職員の負担軽減・勤務環境改善に必要となる経費 | F106: {=INDIRECT("個票11!H27")} -> 0 | G106: {=INDIRECT("個票11!M27")} -> 0 | H106: {=INDIRECT("個票11!AD22")} | I106: {=INDIRECT("個票11!AI22")} -> 0 | K106: 9 | L106: {=INDIRECT("個票9!H7")} -> 0 | M106: {=INDIRECT("個票9!T7")} -> 0 | N106: {=INDIRECT("個票9!A37")} -> (オ)その他災害への備えとして必要と認められる経費 | O106: {=INDIRECT("個票9!H37")} -> 0 | P106: {=INDIRECT("個票9!M37")} -> 0 | Q106: {=INDIRECT("個票9!AD22")} | R106: {=INDIRECT("個票9!AI22")} -> 0
B107: 11 | C107: {=INDIRECT("個票11!H7")} -> 0 | D107: {=INDIRECT("個票11!T7")} -> 0 | E107: {=INDIRECT("個票11!A28")} -> (エ)業務用スポットクーラー（ヒーター）等の居室や浴室等における温度管理、湿度管理に必要な設備・物品等の購入等経費 | F107: {=INDIRECT("個票11!H28")} -> 0 | G107: {=INDIRECT("個票11!M28")} -> 0 | H107: {=INDIRECT("個票11!AD22")} | I107: {=INDIRECT("個票11!AI22")} -> 0 | K107: 9 | L107: {=INDIRECT("個票9!H7")} -> 0 | M107: {=INDIRECT("個票9!T7")} -> 0 | N107: {=INDIRECT("個票9!A38")} -> 合計 | O107: {=INDIRECT("個票9!H38")} -> 0 | P107: {=INDIRECT("個票9!M38")} -> 0 | Q107: {=INDIRECT("個票9!AD22")} | R107: {=INDIRECT("個票9!AI22")} -> 0
B108: 11 | C108: {=INDIRECT("個票11!H7")} -> 0 | D108: {=INDIRECT("個票11!T7")} -> 0 | E108: {=INDIRECT("個票11!A29")} -> 合計 | F108: {=INDIRECT("個票11!H29")} -> 0 | G108: {=INDIRECT("個票11!M29")} -> 0 | H108: {=INDIRECT("個票11!AD22")} | I108: {=INDIRECT("個票11!AI22")} -> 0 | K108: 10 | L108: {=INDIRECT("個票10!H7")} -> 0 | M108: {=INDIRECT("個票10!T7")} -> 0 | N108: {=INDIRECT("個票10!A33")} -> (ア)飲料水、食料品等の備蓄物資の購入等経費 | O108: {=INDIRECT("個票10!H33")} -> 0 | P108: {=INDIRECT("個票10!M33")} -> 0 | Q108: {=INDIRECT("個票10!AD22")} | R108: {=INDIRECT("個票10!AI22")} -> 0
B109: 12 | C109: {=INDIRECT("個票12!H7")} -> 0 | D109: {=INDIRECT("個票12!T7")} -> 0 | E109: {=INDIRECT("個票12!A25")} -> (ア)燃料費、有料道路通行料等の移動に伴い必要となる経費 | F109: {=INDIRECT("個票12!H25")} -> 0 | G109: {=INDIRECT("個票12!M25")} -> 0 | H109: {=INDIRECT("個票12!AD22")} | I109: {=INDIRECT("個票12!AI22")} -> 0 | K109: 10 | L109: {=INDIRECT("個票10!H7")} -> 0 | M109: {=INDIRECT("個票10!T7")} -> 0 | N109: {=INDIRECT("個票10!A34")} -> (イ)ポータブル発電機、ポータブル電源・蓄電池等の購入等経費 | O109: {=INDIRECT("個票10!H34")} -> 0 | P109: {=INDIRECT("個票10!M34")} -> 0 | Q109: {=INDIRECT("個票10!AD22")} | R109: {=INDIRECT("個票10!AI22")} -> 0
B110: 12 | C110: {=INDIRECT("個票12!H7")} -> 0 | D110: {=INDIRECT("個票12!T7")} -> 0 | E110: {=INDIRECT("個票12!A26")} -> (イ)ネッククーラー（ヒーター）等の猛暑・雪害対策用品の購入等経費 | F110: {=INDIRECT("個票12!H26")} -> 0 | G110: {=INDIRECT("個票12!M26")} -> 0 | H110: {=INDIRECT("個票12!AD22")} | I110: {=INDIRECT("個票12!AI22")} -> 0 | K110: 10 | L110: {=INDIRECT("個票10!H7")} -> 0 | M110: {=INDIRECT("個票10!T7")} -> 0 | N110: {=INDIRECT("個票10!A35")} -> (ウ)衛生用品、医療用品等の購入等経費 | O110: {=INDIRECT("個票10!H35")} -> 0 | P110: {=INDIRECT("個票10!M35")} -> 0 | Q110: {=INDIRECT("個票10!AD22")} | R110: {=INDIRECT("個票10!AI22")} -> 0
B111: 12 | C111: {=INDIRECT("個票12!H7")} -> 0 | D111: {=INDIRECT("個票12!T7")} -> 0 | E111: {=INDIRECT("個票12!A27")} -> (ウ)燃料費等の入居者・利用者の生活環境改善、職員の負担軽減・勤務環境改善に必要となる経費 | F111: {=INDIRECT("個票12!H27")} -> 0 | G111: {=INDIRECT("個票12!M27")} -> 0 | H111: {=INDIRECT("個票12!AD22")} | I111: {=INDIRECT("個票12!AI22")} -> 0 | K111: 10 | L111: {=INDIRECT("個票10!H7")} -> 0 | M111: {=INDIRECT("個票10!T7")} -> 0 | N111: {=INDIRECT("個票10!A36")} -> (エ)簡易浄水器、冷房機、暖房機、簡易トイレ、清潔保持のための用具等の購入等経費 | O111: {=INDIRECT("個票10!H36")} -> 0 | P111: {=INDIRECT("個票10!M36")} -> 0 | Q111: {=INDIRECT("個票10!AD22")} | R111: {=INDIRECT("個票10!AI22")} -> 0
B112: 12 | C112: {=INDIRECT("個票12!H7")} -> 0 | D112: {=INDIRECT("個票12!T7")} -> 0 | E112: {=INDIRECT("個票12!A28")} -> (エ)業務用スポットクーラー（ヒーター）等の居室や浴室等における温度管理、湿度管理に必要な設備・物品等の購入等経費 | F112: {=INDIRECT("個票12!H28")} -> 0 | G112: {=INDIRECT("個票12!M28")} -> 0 | H112: {=INDIRECT("個票12!AD22")} | I112: {=INDIRECT("個票12!AI22")} -> 0 | K112: 10 | L112: {=INDIRECT("個票10!H7")} -> 0 | M112: {=INDIRECT("個票10!T7")} -> 0 | N112: {=INDIRECT("個票10!A37")} -> (オ)その他災害への備えとして必要と認められる経費 | O112: {=INDIRECT("個票10!H37")} -> 0 | P112: {=INDIRECT("個票10!M37")} -> 0 | Q112: {=INDIRECT("個票10!AD22")} | R112: {=INDIRECT("個票10!AI22")} -> 0
B113: 12 | C113: {=INDIRECT("個票12!H7")} -> 0 | D113: {=INDIRECT("個票12!T7")} -> 0 | E113: {=INDIRECT("個票12!A29")} -> 合計 | F113: {=INDIRECT("個票12!H29")} -> 0 | G113: {=INDIRECT("個票12!M29")} -> 0 | H113: {=INDIRECT("個票12!AD22")} | I113: {=INDIRECT("個票12!AI22")} -> 0 | K113: 10 | L113: {=INDIRECT("個票10!H7")} -> 0 | M113: {=INDIRECT("個票10!T7")} -> 0 | N113: {=INDIRECT("個票10!A38")} -> 合計 | O113: {=INDIRECT("個票10!H38")} -> 0 | P113: {=INDIRECT("個票10!M38")} -> 0 | Q113: {=INDIRECT("個票10!AD22")} | R113: {=INDIRECT("個票10!AI22")} -> 0
B114: 13 | C114: {=INDIRECT("個票13!H7")} -> 0 | D114: {=INDIRECT("個票13!T7")} -> 0 | E114: {=INDIRECT("個票13!A25")} -> (ア)燃料費、有料道路通行料等の移動に伴い必要となる経費 | F114: {=INDIRECT("個票13!H25")} -> 0 | G114: {=INDIRECT("個票13!M25")} -> 0 | H114: {=INDIRECT("個票13!AD22")} | I114: {=INDIRECT("個票13!AI22")} -> 0 | K114: 11 | L114: {=INDIRECT("個票11!H7")} -> 0 | M114: {=INDIRECT("個票11!T7")} -> 0 | N114: {=INDIRECT("個票11!A33")} -> (ア)飲料水、食料品等の備蓄物資の購入等経費 | O114: {=INDIRECT("個票11!H33")} -> 0 | P114: {=INDIRECT("個票11!M33")} -> 0 | Q114: {=INDIRECT("個票11!AD22")} | R114: {=INDIRECT("個票11!AI22")} -> 0
B115: 13 | C115: {=INDIRECT("個票13!H7")} -> 0 | D115: {=INDIRECT("個票13!T7")} -> 0 | E115: {=INDIRECT("個票13!A26")} -> (イ)ネッククーラー（ヒーター）等の猛暑・雪害対策用品の購入等経費 | F115: {=INDIRECT("個票13!H26")} -> 0 | G115: {=INDIRECT("個票13!M26")} -> 0 | H115: {=INDIRECT("個票13!AD22")} | I115: {=INDIRECT("個票13!AI22")} -> 0 | K115: 11 | L115: {=INDIRECT("個票11!H7")} -> 0 | M115: {=INDIRECT("個票11!T7")} -> 0 | N115: {=INDIRECT("個票11!A34")} -> (イ)ポータブル発電機、ポータブル電源・蓄電池等の購入等経費 | O115: {=INDIRECT("個票11!H34")} -> 0 | P115: {=INDIRECT("個票11!M34")} -> 0 | Q115: {=INDIRECT("個票11!AD22")} | R115: {=INDIRECT("個票11!AI22")} -> 0
B116: 13 | C116: {=INDIRECT("個票13!H7")} -> 0 | D116: {=INDIRECT("個票13!T7")} -> 0 | E116: {=INDIRECT("個票13!A27")} -> (ウ)燃料費等の入居者・利用者の生活環境改善、職員の負担軽減・勤務環境改善に必要となる経費 | F116: {=INDIRECT("個票13!H27")} -> 0 | G116: {=INDIRECT("個票13!M27")} -> 0 | H116: {=INDIRECT("個票13!AD22")} | I116: {=INDIRECT("個票13!AI22")} -> 0 | K116: 11 | L116: {=INDIRECT("個票11!H7")} -> 0 | M116: {=INDIRECT("個票11!T7")} -> 0 | N116: {=INDIRECT("個票11!A35")} -> (ウ)衛生用品、医療用品等の購入等経費 | O116: {=INDIRECT("個票11!H35")} -> 0 | P116: {=INDIRECT("個票11!M35")} -> 0 | Q116: {=INDIRECT("個票11!AD22")} | R116: {=INDIRECT("個票11!AI22")} -> 0
B117: 13 | C117: {=INDIRECT("個票13!H7")} -> 0 | D117: {=INDIRECT("個票13!T7")} -> 0 | E117: {=INDIRECT("個票13!A28")} -> (エ)業務用スポットクーラー（ヒーター）等の居室や浴室等における温度管理、湿度管理に必要な設備・物品等の購入等経費 | F117: {=INDIRECT("個票13!H28")} -> 0 | G117: {=INDIRECT("個票13!M28")} -> 0 | H117: {=INDIRECT("個票13!AD22")} | I117: {=INDIRECT("個票13!AI22")} -> 0 | K117: 11 | L117: {=INDIRECT("個票11!H7")} -> 0 | M117: {=INDIRECT("個票11!T7")} -> 0 | N117: {=INDIRECT("個票11!A36")} -> (エ)簡易浄水器、冷房機、暖房機、簡易トイレ、清潔保持のための用具等の購入等経費 | O117: {=INDIRECT("個票11!H36")} -> 0 | P117: {=INDIRECT("個票11!M36")} -> 0 | Q117: {=INDIRECT("個票11!AD22")} | R117: {=INDIRECT("個票11!AI22")} -> 0
B118: 13 | C118: {=INDIRECT("個票13!H7")} -> 0 | D118: {=INDIRECT("個票13!T7")} -> 0 | E118: {=INDIRECT("個票13!A29")} -> 合計 | F118: {=INDIRECT("個票13!H29")} -> 0 | G118: {=INDIRECT("個票13!M29")} -> 0 | H118: {=INDIRECT("個票13!AD22")} | I118: {=INDIRECT("個票13!AI22")} -> 0 | K118: 11 | L118: {=INDIRECT("個票11!H7")} -> 0 | M118: {=INDIRECT("個票11!T7")} -> 0 | N118: {=INDIRECT("個票11!A37")} -> (オ)その他災害への備えとして必要と認められる経費 | O118: {=INDIRECT("個票11!H37")} -> 0 | P118: {=INDIRECT("個票11!M37")} -> 0 | Q118: {=INDIRECT("個票11!AD22")} | R118: {=INDIRECT("個票11!AI22")} -> 0
...

Sheet 個票（記入例）
A1: （様式第３号）事業所・施設別個票
A3: 介護事業所等に対するサービス継続支援事業に関する交付申請書兼実績報告書 （事業所・施設単位）
A5: 施設概要
A7: 整理番号 | H7: 5900 | O7: 事業所名称 | T7: 広島県介護サービス
A8: 所在地 | D8: 郵便番号 | H8: 都道府県名 | O8: 住所
D9: 7300000 | H9: 広島県 | O9: 広島市中区基町1番地1
A10: 提供サービス | H10: =IFERROR(VLOOKUP(H7,内示額!A:B,2,FALSE),"") -> 居宅介護支援 | T10: 連絡先 | W10: 電話番号 | AG10: 担当部署名
W11: 0821234567 | AG11: 総務部
A13: 報告にあたっての確認事項
A15: 領収書、レシート等の根拠資料は事業所等において適切に保管している。 | X15: ✔
A16: 支出済の費用について、他の予算制度に基づく、負担又は補助と重複は生じていない。 | X16: ✔
A17: 「支出済額」の欄には、対象経費から消費税相当額を除いた実支出額を記載している。 | X17: ✔
A19: 支出済額
AD21: 内示額 | AI21: 申請額
AD22: =IFERROR(VLOOKUP(H7,内示額!A:C,3,FALSE),"") -> 186 | AG22: 千円 | AI22: =MIN(AD22,ROUNDDOWN((H29+H38)/1000,0)) -> 186 | AL22: 千円
A23: 【（１）介護サービス等を円滑に継続するための対応】
A24: 科目 | H24: 支出済額（円） （税抜き） | M24: 内訳（用途・品目・数量等）
A25: (ア)燃料費、有料道路通行料等の移動に伴い必要となる経費 | H25: 100000 | M25: ガソリン代（５台）令和８年９月１日～10月31日利用分
A26: (イ)ネッククーラー（ヒーター）等の猛暑・雪害対策用品の購入等経費
A27: (ウ)燃料費等の入居者・利用者の生活環境改善、職員の負担軽減・勤務環境改善に必要となる経費
A28: (エ)業務用スポットクーラー（ヒーター）等の居室や浴室等における温度管理、湿度管理に必要な設備・物品等の購入等経費 | H28: 150000 | M28: エアコン１台（単価140,000円） 遮光カーテン２枚（単価5,000円）
A29: 合計 | H29: =SUM(H25:L28) -> 250000
A31: 【（２）災害備蓄等への対応】
A32: 科目 | H32: 支出済額（円） （税抜き） | M32: 内訳（用途・品目・数量等）
A33: (ア)飲料水、食料品等の備蓄物資の購入等経費 | H33: 60000 | M33: 飲料水（２L×６本×50箱）（単価100円）
A34: (イ)ポータブル発電機、ポータブル電源・蓄電池等の購入等経費
A35: (ウ)衛生用品、医療用品等の購入等経費
A36: (エ)簡易浄水器、冷房機、暖房機、簡易トイレ、清潔保持のための用具等の購入等経費
A37: (オ)その他災害への備えとして必要と認められる経費
A38: 合計 | H38: =SUM(H33:L37) -> 60000
A41: （注）申請額は、内示額と支出済額を比較していずれか低い方の額が入力される。

Sheet 様式第1号(申請書兼報告書)
A1: （様式第１号）
A4: 介護事業所等に対するサービス継続支援事業費補助金交付申請書兼実績報告書
AC6: 令和 | AD6: 8 | AF6: 年 | AG6: 11 | AI6: 月 | AJ6: 1 | AL6: 日
A8: 広島県知事 様
R10: （郵便番号）
R11: （所在地）
R12: （法人名）
R13: （代表者）
C14: 標記について、介護事業所等に関するサービス継続支援事業費補助金交付要綱第７条の規定により、次のとおり関係書類を添えて申請します。
B17: 交付申請
B18: 金 額 ： | J18: =SUM('様式第2号（申請額一覧）'!H5:H24)*1000 -> 0 | S18: 円
B25: （添付書類）
B26: ・事業所・施設別申請額一覧（様式第２号）
B27: ・介護事業所等に対するサービス継続支援事業に関する交付申請書兼実績報告書
B28: （事業所・施設単位）（様式第３号）
B29: ・その他知事の定める書類
T33: 【申請内容に関する問い合わせ先】
U34: ※日中連絡の取りやすい連絡先をご入力ください。
U35: 部署名
U36: 担当者氏名
U37: 連絡先 | Y37: 電話番号
Y38: e-mail

Sheet 様式第2号（申請額一覧）
A1: （様式第２号）事業所・施設別申請額一覧 | D1: ※本表は自動計算の為、入力は不要です。
A3: No. | B3: 事業所・施設名 | C3: 整理番号 | D3: サービス種別 | E3: 電話番号 | F3: 事業所・施設住所 | G3: 法人名 | H3: 申請額 （千円）
A5: =ROW()-4 -> 1 | B5: =IFERROR(INDIRECT("個票"&$A5&"！$t$7"),"") -> 0 | C5: =IFERROR(INDIRECT("個票"&$A5&"！$h$7"),"") -> 0 | D5: =IFERROR(INDIRECT("個票"&$A5&"！$H$10"),"") | E5: =IFERROR(INDIRECT("個票"&$A5&"！$w$11"),"") -> 0 | F5: =IFERROR(INDIRECT("個票"&$A5&"！$H$9")&INDIRECT("個票"&$A5&"！$O$9"),"") -> 広島県 | G5: =IF(H5>0,'様式第1号(申請書兼報告書)'!$W$12,"") | H5: =IFERROR(INDIRECT("個票"&$A5&"！$ai$22"),0) -> 0
A6: =ROW()-4 -> 2 | B6: =IFERROR(INDIRECT("個票"&$A6&"！$t$7"),"") -> 0 | C6: =IFERROR(INDIRECT("個票"&$A6&"！$h$7"),"") -> 0 | D6: =IFERROR(INDIRECT("個票"&$A6&"！$H$10"),"") | E6: =IFERROR(INDIRECT("個票"&$A6&"！$w$11"),"") -> 0 | F6: =IFERROR(INDIRECT("個票"&$A6&"！$H$9")&INDIRECT("個票"&$A6&"！$O$9"),"") -> 広島県 | G6: =IF(H6>0,'様式第1号(申請書兼報告書)'!$W$12,"") | H6: =IFERROR(INDIRECT("個票"&$A6&"！$ai$22"),0) -> 0
A7: =ROW()-4 -> 3 | B7: =IFERROR(INDIRECT("個票"&$A7&"！$t$7"),"") -> 0 | C7: =IFERROR(INDIRECT("個票"&$A7&"！$h$7"),"") -> 0 | D7: =IFERROR(INDIRECT("個票"&$A7&"！$H$10"),"") | E7: =IFERROR(INDIRECT("個票"&$A7&"！$w$11"),"") -> 0 | F7: =IFERROR(INDIRECT("個票"&$A7&"！$ｈ$9")&INDIRECT("個票"&$A7&"！$O$9"),"") -> 広島県 | G7: =IF(H7>0,'様式第1号(申請書兼報告書)'!$W$12,"") | H7: =IFERROR(INDIRECT("個票"&$A7&"！$ai$22"),0) -> 0
A8: =ROW()-4 -> 4 | B8: =IFERROR(INDIRECT("個票"&$A8&"！$t$7"),"") -> 0 | C8: =IFERROR(INDIRECT("個票"&$A8&"！$h$7"),"") -> 0 | D8: =IFERROR(INDIRECT("個票"&$A8&"！$H$10"),"") | E8: =IFERROR(INDIRECT("個票"&$A8&"！$w$11"),"") -> 0 | F8: =IFERROR(INDIRECT("個票"&$A8&"！$H$9")&INDIRECT("個票"&$A8&"！$O$9"),"") -> 広島県 | G8: =IF(H8>0,'様式第1号(申請書兼報告書)'!$W$12,"") | H8: =IFERROR(INDIRECT("個票"&$A8&"！$ai$22"),0) -> 0
A9: =ROW()-4 -> 5 | B9: =IFERROR(INDIRECT("個票"&$A9&"！$t$7"),"") -> 0 | C9: =IFERROR(INDIRECT("個票"&$A9&"！$h$7"),"") -> 0 | D9: =IFERROR(INDIRECT("個票"&$A9&"！$H$10"),"") | E9: =IFERROR(INDIRECT("個票"&$A9&"！$w$11"),"") -> 0 | F9: =IFERROR(INDIRECT("個票"&$A9&"！$H$9")&INDIRECT("個票"&$A9&"！$O$9"),"") -> 広島県 | G9: =IF(H9>0,'様式第1号(申請書兼報告書)'!$W$12,"") | H9: =IFERROR(INDIRECT("個票"&$A9&"！$ai$22"),0) -> 0
A10: =ROW()-4 -> 6 | B10: =IFERROR(INDIRECT("個票"&$A10&"！$t$7"),"") -> 0 | C10: =IFERROR(INDIRECT("個票"&$A10&"！$h$7"),"") -> 0 | D10: =IFERROR(INDIRECT("個票"&$A10&"！$H$10"),"") | E10: =IFERROR(INDIRECT("個票"&$A10&"！$w$11"),"") -> 0 | F10: =IFERROR(INDIRECT("個票"&$A10&"！$H$9")&INDIRECT("個票"&$A10&"！$O$9"),"") -> 広島県 | G10: =IF(H10>0,'様式第1号(申請書兼報告書)'!$W$12,"") | H10: =IFERROR(INDIRECT("個票"&$A10&"！$ai$22"),0) -> 0
A11: =ROW()-4 -> 7 | B11: =IFERROR(INDIRECT("個票"&$A11&"！$t$7"),"") -> 0 | C11: =IFERROR(INDIRECT("個票"&$A11&"！$h$7"),"") -> 0 | D11: =IFERROR(INDIRECT("個票"&$A11&"！$H$10"),"") | E11: =IFERROR(INDIRECT("個票"&$A11&"！$w$11"),"") -> 0 | F11: =IFERROR(INDIRECT("個票"&$A11&"！$H$9")&INDIRECT("個票"&$A11&"！$O$9"),"") -> 広島県 | G11: =IF(H11>0,'様式第1号(申請書兼報告書)'!$W$12,"") | H11: =IFERROR(INDIRECT("個票"&$A11&"！$ai$22"),0) -> 0
A12: =ROW()-4 -> 8 | B12: =IFERROR(INDIRECT("個票"&$A12&"！$t$7"),"") -> 0 | C12: =IFERROR(INDIRECT("個票"&$A12&"！$h$7"),"") -> 0 | D12: =IFERROR(INDIRECT("個票"&$A12&"！$H$10"),"") | E12: =IFERROR(INDIRECT("個票"&$A12&"！$w$11"),"") -> 0 | F12: =IFERROR(INDIRECT("個票"&$A12&"！$H$9")&INDIRECT("個票"&$A12&"！$O$9"),"") -> 広島県 | G12: =IF(H12>0,'様式第1号(申請書兼報告書)'!$W$12,"") | H12: =IFERROR(INDIRECT("個票"&$A12&"！$ai$22"),0) -> 0
A13: =ROW()-4 -> 9 | B13: =IFERROR(INDIRECT("個票"&$A13&"！$t$7"),"") -> 0 | C13: =IFERROR(INDIRECT("個票"&$A13&"！$h$7"),"") -> 0 | D13: =IFERROR(INDIRECT("個票"&$A13&"！$H$10"),"") | E13: =IFERROR(INDIRECT("個票"&$A13&"！$w$11"),"") -> 0 | F13: =IFERROR(INDIRECT("個票"&$A13&"！$H$9")&INDIRECT("個票"&$A13&"！$O$9"),"") -> 広島県 | G13: =IF(H13>0,'様式第1号(申請書兼報告書)'!$W$12,"") | H13: =IFERROR(INDIRECT("個票"&$A13&"！$ai$22"),0) -> 0
A14: =ROW()-4 -> 10 | B14: =IFERROR(INDIRECT("個票"&$A14&"！$t$7"),"") -> 0 | C14: =IFERROR(INDIRECT("個票"&$A14&"！$h$7"),"") -> 0 | D14: =IFERROR(INDIRECT("個票"&$A14&"！$H$10"),"") | E14: =IFERROR(INDIRECT("個票"&$A14&"！$w$11"),"") -> 0 | F14: =IFERROR(INDIRECT("個票"&$A14&"！$H$9")&INDIRECT("個票"&$A14&"！$O$9"),"") -> 広島県 | G14: =IF(H14>0,'様式第1号(申請書兼報告書)'!$W$12,"") | H14: =IFERROR(INDIRECT("個票"&$A14&"！$ai$22"),0) -> 0
A15: =ROW()-4 -> 11 | B15: =IFERROR(INDIRECT("個票"&$A15&"！$t$7"),"") -> 0 | C15: =IFERROR(INDIRECT("個票"&$A15&"！$h$7"),"") -> 0 | D15: =IFERROR(INDIRECT("個票"&$A15&"！$H$10"),"") | E15: =IFERROR(INDIRECT("個票"&$A15&"！$w$11"),"") -> 0 | F15: =IFERROR(INDIRECT("個票"&$A15&"！$H$9")&INDIRECT("個票"&$A15&"！$O$9"),"") -> 広島県 | G15: =IF(H15>0,'様式第1号(申請書兼報告書)'!$W$12,"") | H15: =IFERROR(INDIRECT("個票"&$A15&"！$ai$22"),0) -> 0
A16: =ROW()-4 -> 12 | B16: =IFERROR(INDIRECT("個票"&$A16&"！$t$7"),"") -> 0 | C16: =IFERROR(INDIRECT("個票"&$A16&"！$h$7"),"") -> 0 | D16: =IFERROR(INDIRECT("個票"&$A16&"！$H$10"),"") | E16: =IFERROR(INDIRECT("個票"&$A16&"！$w$11"),"") -> 0 | F16: =IFERROR(INDIRECT("個票"&$A16&"！$H$9")&INDIRECT("個票"&$A16&"！$O$9"),"") -> 広島県 | G16: =IF(H16>0,'様式第1号(申請書兼報告書)'!$W$12,"") | H16: =IFERROR(INDIRECT("個票"&$A16&"！$ai$22"),0) -> 0
A17: =ROW()-4 -> 13 | B17: =IFERROR(INDIRECT("個票"&$A17&"！$t$7"),"") -> 0 | C17: =IFERROR(INDIRECT("個票"&$A17&"！$h$7"),"") -> 0 | D17: =IFERROR(INDIRECT("個票"&$A17&"！$H$10"),"") | E17: =IFERROR(INDIRECT("個票"&$A17&"！$w$11"),"") -> 0 | F17: =IFERROR(INDIRECT("個票"&$A17&"！$H$9")&INDIRECT("個票"&$A17&"！$O$9"),"") -> 広島県 | G17: =IF(H17>0,'様式第1号(申請書兼報告書)'!$W$12,"") | H17: =IFERROR(INDIRECT("個票"&$A17&"！$ai$22"),0) -> 0
A18: =ROW()-4 -> 14 | B18: =IFERROR(INDIRECT("個票"&$A18&"！$t$7"),"") -> 0 | C18: =IFERROR(INDIRECT("個票"&$A18&"！$h$7"),"") -> 0 | D18: =IFERROR(INDIRECT("個票"&$A18&"！$H$10"),"") | E18: =IFERROR(INDIRECT("個票"&$A18&"！$w$11"),"") -> 0 | F18: =IFERROR(INDIRECT("個票"&$A18&"！$H$9")&INDIRECT("個票"&$A18&"！$O$9"),"") -> 広島県 | G18: =IF(H18>0,'様式第1号(申請書兼報告書)'!$W$12,"") | H18: =IFERROR(INDIRECT("個票"&$A18&"！$ai$22"),0) -> 0
A19: =ROW()-4 -> 15 | B19: =IFERROR(INDIRECT("個票"&$A19&"！$t$7"),"") -> 0 | C19: =IFERROR(INDIRECT("個票"&$A19&"！$h$7"),"") -> 0 | D19: =IFERROR(INDIRECT("個票"&$A19&"！$H$10"),"") | E19: =IFERROR(INDIRECT("個票"&$A19&"！$w$11"),"") -> 0 | F19: =IFERROR(INDIRECT("個票"&$A19&"！$H$9")&INDIRECT("個票"&$A19&"！$O$9"),"") -> 広島県 | G19: =IF(H19>0,'様式第1号(申請書兼報告書)'!$W$12,"") | H19: =IFERROR(INDIRECT("個票"&$A19&"！$ai$22"),0) -> 0
... A24: =ROW()-4 -> 20 | B24: =IFERROR(INDIRECT("個票"&$A24&"！$t$7"),"") -> 0 | C24: =IFERROR(INDIRECT("個票"&$A24&"！$h$7"),"") -> 0 | D24: =IFERROR(INDIRECT("個票"&$A24&"！$H$10"),"") | E24: =IFERROR(INDIRECT("個票"&$A24&"！$w$11"),"") -> 0 | F24: =IFERROR(INDIRECT("個票"&$A24&"！$H$9")&INDIRECT("個票"&$A24&"！$O$9"),"") -> 広島県 | G24: =IF(H24>0,'様式第1号(申請書兼報告書)'!$W$12,"") | H24: =IFERROR(INDIRECT("個票"&$A24&"！$ai$22"),0) -> 0
A25: （注）行が不足する場合には、「本申請書の使い方」に従って、必要に応じて行を追加すること。列の挿入は絶対に行わないこと。

Sheet 口座振替依頼書
A1: 口座振替依頼書
U4: 令和8年 | X4: =_xlfn.CONCAT('様式第1号(申請書兼報告書)'!AG6:AH6) -> 11 | Y4: 月 | AA4: =_xlfn.CONCAT('様式第1号(申請書兼報告書)'!AJ6:AK6) -> 1 | AB4: 日
A5: 広島県知事様
C6: 申請者 | I6: （郵便番号） | N6: =_xlfn.CONCAT('様式第1号(申請書兼報告書)'!W10:AK10)
I7: （所在地） | N7: =_xlfn.CONCAT('様式第1号(申請書兼報告書)'!W11:AK11)
I8: （法人名） | N8: =_xlfn.CONCAT('様式第1号(申請書兼報告書)'!W12:AK12)
I9: （代表者） | N9: =_xlfn.CONCAT('様式第1号(申請書兼報告書)'!W13:AK13)
C11: 下記１の支払金は，下記２の預金口座へ振替えてください。
C13: １ 支払金の内容
C15: 広島県介護事業所等及び介護施設等に対するサービス継続支援事業及び障害福祉サービス事業所等に対するサービス継続支援事業に係る補助金の支払
C18: ２ 振込先預金口座
C20: 金融機関名 | O20: 金融機関コード
C21: 支店名 | O21: 支店コード
C22: 種目
C23: 口座番号
C24: 口座名義(半角ｶﾀｶﾅ)
C25: 口座名義(漢字)
C27: 注１ 金融機関名、支店名、種目、口座番号及び口座名義は、預金通帳で 確認して記載してください
C28: 注２ 受領権限を委任される場合は，代理人の氏名及び住所を記載してください。
C30: 代理人 | F30: 氏 名
F31: 住 所

Sheet 個票１
A1: （様式第３号）事業所・施設別個票
A3: 介護事業所等に対するサービス継続支援事業に関する交付申請書兼実績報告書 （事業所・施設単位）
A5: 施設概要
A7: 整理番号 | O7: 事業所名称
A8: 所在地 | D8: 郵便番号 | H8: 都道府県名 | O8: 住所
H9: 広島県
A10: 提供サービス | H10: =IFERROR(VLOOKUP(H7,内示額!A:B,2,FALSE),"") | T10: 連絡先 | W10: 電話番号 | AG10: 担当部署名
A13: 報告にあたっての確認事項
A15: 領収書、レシート等の根拠資料は事業所等において適切に保管している。
A16: 支出済の費用について、他の予算制度に基づく、負担又は補助と重複は生じていない。
A17: 「支出済額」の欄には、対象経費から消費税相当額を除いた実支出額を記載している。
A19: 支出済額
AD21: 内示額 | AI21: 申請額
AD22: =IFERROR(VLOOKUP(H7,内示額!A:C,3,FALSE),"") | AG22: 千円 | AI22: =MIN(AD22,ROUNDDOWN((H29+H38)/1000,0)) -> 0 | AL22: 千円
A23: 【（１）介護サービス等を円滑に継続するための対応】
A24: 科目 | H24: 支出済額（円） （税抜き） | M24: 内訳（用途・品目・数量等）
A25: (ア)燃料費、有料道路通行料等の移動に伴い必要となる経費
A26: (イ)ネッククーラー（ヒーター）等の猛暑・雪害対策用品の購入等経費
A27: (ウ)燃料費等の入居者・利用者の生活環境改善、職員の負担軽減・勤務環境改善に必要となる経費
A28: (エ)業務用スポットクーラー（ヒーター）等の居室や浴室等における温度管理、湿度管理に必要な設備・物品等の購入等経費
A29: 合計 | H29: =SUM(H25:L28) -> 0
A31: 【（２）災害備蓄等への対応】
A32: 科目 | H32: 支出済額（円） （税抜き） | M32: 内訳（用途・品目・数量等）
A33: (ア)飲料水、食料品等の備蓄物資の購入等経費
A34: (イ)ポータブル発電機、ポータブル電源・蓄電池等の購入等経費
A35: (ウ)衛生用品、医療用品等の購入等経費
A36: (エ)簡易浄水器、冷房機、暖房機、簡易トイレ、清潔保持のための用具等の購入等経費
A37: (オ)その他災害への備えとして必要と認められる経費
A38: 合計 | H38: =SUM(H33:L37) -> 0
A41: （注）申請額は、内示額と支出済額を比較していずれか低い方の額が入力される。

Sheet 個票2
A1: （様式第３号）事業所・施設別個票
A3: 介護事業所等に対するサービス継続支援事業に関する交付申請書兼実績報告書 （事業所・施設単位）
A5: 施設概要
A7: 整理番号 | O7: 事業所名称
A8: 所在地 | D8: 郵便番号 | H8: 都道府県名 | O8: 住所
H9: 広島県
A10: 提供サービス | H10: =IFERROR(VLOOKUP(H7,内示額!A:B,2,FALSE),"") | T10: 連絡先 | W10: 電話番号 | AG10: 担当部署名
A13: 報告にあたっての確認事項
A15: 領収書、レシート等の根拠資料は事業所等において適切に保管している。
A16: 支出済の費用について、他の予算制度に基づく、負担又は補助と重複は生じていない。
A17: 「支出済額」の欄には、対象経費から消費税相当額を除いた実支出額を記載している。
A19: 支出済額
AD21: 内示額 | AI21: 申請額
AD22: =IFERROR(VLOOKUP(H7,内示額!A:C,3,FALSE),"") | AG22: 千円 | AI22: =MIN(AD22,ROUNDDOWN((H29+H38)/1000,0)) -> 0 | AL22: 千円
A23: 【（１）介護サービス等を円滑に継続するための対応】
A24: 科目 | H24: 支出済額（円） （税抜き） | M24: 内訳（用途・品目・数量等）
A25: (ア)燃料費、有料道路通行料等の移動に伴い必要となる経費
A26: (イ)ネッククーラー（ヒーター）等の猛暑・雪害対策用品の購入等経費
A27: (ウ)燃料費等の入居者・利用者の生活環境改善、職員の負担軽減・勤務環境改善に必要となる経費
A28: (エ)業務用スポットクーラー（ヒーター）等の居室や浴室等における温度管理、湿度管理に必要な設備・物品等の購入等経費
A29: 合計 | H29: =SUM(H25:L28) -> 0
A31: 【（２）災害備蓄等への対応】
A32: 科目 | H32: 支出済額（円） （税抜き） | M32: 内訳（用途・品目・数量等）
A33: (ア)飲料水、食料品等の備蓄物資の購入等経費
A34: (イ)ポータブル発電機、ポータブル電源・蓄電池等の購入等経費
A35: (ウ)衛生用品、医療用品等の購入等経費
A36: (エ)簡易浄水器、冷房機、暖房機、簡易トイレ、清潔保持のための用具等の購入等経費
A37: (オ)その他災害への備えとして必要と認められる経費
A38: 合計 | H38: =SUM(H33:L37) -> 0
A41: （注）申請額は、内示額と支出済額を比較していずれか低い方の額が入力される。

Sheet 個票3
A1: （様式第３号）事業所・施設別個票
A3: 介護事業所等に対するサービス継続支援事業に関する交付申請書兼実績報告書 （事業所・施設単位）
A5: 施設概要
A7: 整理番号 | O7: 事業所名称
A8: 所在地 | D8: 郵便番号 | H8: 都道府県名 | O8: 住所
H9: 広島県
A10: 提供サービス | H10: =IFERROR(VLOOKUP(H7,内示額!A:B,2,FALSE),"") | T10: 連絡先 | W10: 電話番号 | AG10: 担当部署名
A13: 報告にあたっての確認事項
A15: 領収書、レシート等の根拠資料は事業所等において適切に保管している。
A16: 支出済の費用について、他の予算制度に基づく、負担又は補助と重複は生じていない。
A17: 「支出済額」の欄には、対象経費から消費税相当額を除いた実支出額を記載している。
A19: 支出済額
AD21: 内示額 | AI21: 申請額
AD22: =IFERROR(VLOOKUP(H7,内示額!A:C,3,FALSE),"") | AG22: 千円 | AI22: =MIN(AD22,ROUNDDOWN((H29+H38)/1000,0)) -> 0 | AL22: 千円
A23: 【（１）介護サービス等を円滑に継続するための対応】
A24: 科目 | H24: 支出済額（円） （税抜き） | M24: 内訳（用途・品目・数量等）
A25: (ア)燃料費、有料道路通行料等の移動に伴い必要となる経費
A26: (イ)ネッククーラー（ヒーター）等の猛暑・雪害対策用品の購入等経費
A27: (ウ)燃料費等の入居者・利用者の生活環境改善、職員の負担軽減・勤務環境改善に必要となる経費
A28: (エ)業務用スポットクーラー（ヒーター）等の居室や浴室等における温度管理、湿度管理に必要な設備・物品等の購入等経費
A29: 合計 | H29: =SUM(H25:L28) -> 0
A31: 【（２）災害備蓄等への対応】
A32: 科目 | H32: 支出済額（円） （税抜き） | M32: 内訳（用途・品目・数量等）
A33: (ア)飲料水、食料品等の備蓄物資の購入等経費
A34: (イ)ポータブル発電機、ポータブル電源・蓄電池等の購入等経費
A35: (ウ)衛生用品、医療用品等の購入等経費
A36: (エ)簡易浄水器、冷房機、暖房機、簡易トイレ、清潔保持のための用具等の購入等経費
A37: (オ)その他災害への備えとして必要と認められる経費
A38: 合計 | H38: =SUM(H33:L37) -> 0
A41: （注）申請額は、内示額と支出済額を比較していずれか低い方の額が入力される。

Sheet 個票4
A1: （様式第３号）事業所・施設別個票
A3: 介護事業所等に対するサービス継続支援事業に関する交付申請書兼実績報告書 （事業所・施設単位）
A5: 施設概要
A7: 整理番号 | O7: 事業所名称
A8: 所在地 | D8: 郵便番号 | H8: 都道府県名 | O8: 住所
H9: 広島県
A10: 提供サービス | H10: =IFERROR(VLOOKUP(H7,内示額!A:B,2,FALSE),"") | T10: 連絡先 | W10: 電話番号 | AG10: 担当部署名
A13: 報告にあたっての確認事項
A15: 領収書、レシート等の根拠資料は事業所等において適切に保管している。
A16: 支出済の費用について、他の予算制度に基づく、負担又は補助と重複は生じていない。
A17: 「支出済額」の欄には、対象経費から消費税相当額を除いた実支出額を記載している。
A19: 支出済額
AD21: 内示額 | AI21: 申請額
AD22: =IFERROR(VLOOKUP(H7,内示額!A:C,3,FALSE),"") | AG22: 千円 | AI22: =MIN(AD22,ROUNDDOWN((H29+H38)/1000,0)) -> 0 | AL22: 千円
A23: 【（１）介護サービス等を円滑に継続するための対応】
A24: 科目 | H24: 支出済額（円） （税抜き） | M24: 内訳（用途・品目・数量等）
A25: (ア)燃料費、有料道路通行料等の移動に伴い必要となる経費
A26: (イ)ネッククーラー（ヒーター）等の猛暑・雪害対策用品の購入等経費
A27: (ウ)燃料費等の入居者・利用者の生活環境改善、職員の負担軽減・勤務環境改善に必要となる経費
A28: (エ)業務用スポットクーラー（ヒーター）等の居室や浴室等における温度管理、湿度管理に必要な設備・物品等の購入等経費
A29: 合計 | H29: =SUM(H25:L28) -> 0
A31: 【（２）災害備蓄等への対応】
A32: 科目 | H32: 支出済額（円） （税抜き） | M32: 内訳（用途・品目・数量等）
A33: (ア)飲料水、食料品等の備蓄物資の購入等経費
A34: (イ)ポータブル発電機、ポータブル電源・蓄電池等の購入等経費
A35: (ウ)衛生用品、医療用品等の購入等経費
A36: (エ)簡易浄水器、冷房機、暖房機、簡易トイレ、清潔保持のための用具等の購入等経費
A37: (オ)その他災害への備えとして必要と認められる経費
A38: 合計 | H38: =SUM(H33:L37) -> 0
A41: （注）申請額は、内示額と支出済額を比較していずれか低い方の額が入力される。

Sheet 個票5
A1: （様式第３号）事業所・施設別個票
A3: 介護事業所等に対するサービス継続支援事業に関する交付申請書兼実績報告書 （事業所・施設単位）
A5: 施設概要
A7: 整理番号 | O7: 事業所名称
A8: 所在地 | D8: 郵便番号 | H8: 都道府県名 | O8: 住所
H9: 広島県
A10: 提供サービス | H10: =IFERROR(VLOOKUP(H7,内示額!A:B,2,FALSE),"") | T10: 連絡先 | W10: 電話番号 | AG10: 担当部署名
A13: 報告にあたっての確認事項
A15: 領収書、レシート等の根拠資料は事業所等において適切に保管している。
A16: 支出済の費用について、他の予算制度に基づく、負担又は補助と重複は生じていない。
A17: 「支出済額」の欄には、対象経費から消費税相当額を除いた実支出額を記載している。
A19: 支出済額
AD21: 内示額 | AI21: 申請額
AD22: =IFERROR(VLOOKUP(H7,内示額!A:C,3,FALSE),"") | AG22: 千円 | AI22: =MIN(AD22,ROUNDDOWN((H29+H38)/1000,0)) -> 0 | AL22: 千円
A23: 【（１）介護サービス等を円滑に継続するための対応】
A24: 科目 | H24: 支出済額（円） （税抜き） | M24: 内訳（用途・品目・数量等）
A25: (ア)燃料費、有料道路通行料等の移動に伴い必要となる経費
A26: (イ)ネッククーラー（ヒーター）等の猛暑・雪害対策用品の購入等経費
A27: (ウ)燃料費等の入居者・利用者の生活環境改善、職員の負担軽減・勤務環境改善に必要となる経費
A28: (エ)業務用スポットクーラー（ヒーター）等の居室や浴室等における温度管理、湿度管理に必要な設備・物品等の購入等経費
A29: 合計 | H29: =SUM(H25:L28) -> 0
A31: 【（２）災害備蓄等への対応】
A32: 科目 | H32: 支出済額（円） （税抜き） | M32: 内訳（用途・品目・数量等）
A33: (ア)飲料水、食料品等の備蓄物資の購入等経費
A34: (イ)ポータブル発電機、ポータブル電源・蓄電池等の購入等経費
A35: (ウ)衛生用品、医療用品等の購入等経費
A36: (エ)簡易浄水器、冷房機、暖房機、簡易トイレ、清潔保持のための用具等の購入等経費
A37: (オ)その他災害への備えとして必要と認められる経費
A38: 合計 | H38: =SUM(H33:L37) -> 0
A41: （注）申請額は、内示額と支出済額を比較していずれか低い方の額が入力される。

Sheet 個票6
A1: （様式第３号）事業所・施設別個票
A3: 介護事業所等に対するサービス継続支援事業に関する交付申請書兼実績報告書 （事業所・施設単位）
A5: 施設概要
A7: 整理番号 | O7: 事業所名称
A8: 所在地 | D8: 郵便番号 | H8: 都道府県名 | O8: 住所
H9: 広島県
A10: 提供サービス | H10: =IFERROR(VLOOKUP(H7,内示額!A:B,2,FALSE),"") | T10: 連絡先 | W10: 電話番号 | AG10: 担当部署名
A13: 報告にあたっての確認事項
A15: 領収書、レシート等の根拠資料は事業所等において適切に保管している。
A16: 支出済の費用について、他の予算制度に基づく、負担又は補助と重複は生じていない。
A17: 「支出済額」の欄には、対象経費から消費税相当額を除いた実支出額を記載している。
A19: 支出済額
AD21: 内示額 | AI21: 申請額
AD22: =IFERROR(VLOOKUP(H7,内示額!A:C,3,FALSE),"") | AG22: 千円 | AI22: =MIN(AD22,ROUNDDOWN((H29+H38)/1000,0)) -> 0 | AL22: 千円
A23: 【（１）介護サービス等を円滑に継続するための対応】
A24: 科目 | H24: 支出済額（円） （税抜き） | M24: 内訳（用途・品目・数量等）
A25: (ア)燃料費、有料道路通行料等の移動に伴い必要となる経費
A26: (イ)ネッククーラー（ヒーター）等の猛暑・雪害対策用品の購入等経費
A27: (ウ)燃料費等の入居者・利用者の生活環境改善、職員の負担軽減・勤務環境改善に必要となる経費
A28: (エ)業務用スポットクーラー（ヒーター）等の居室や浴室等における温度管理、湿度管理に必要な設備・物品等の購入等経費
A29: 合計 | H29: =SUM(H25:L28) -> 0
A31: 【（２）災害備蓄等への対応】
A32: 科目 | H32: 支出済額（円） （税抜き） | M32: 内訳（用途・品目・数量等）
A33: (ア)飲料水、食料品等の備蓄物資の購入等経費
A34: (イ)ポータブル発電機、ポータブル電源・蓄電池等の購入等経費
A35: (ウ)衛生用品、医療用品等の購入等経費
A36: (エ)簡易浄水器、冷房機、暖房機、簡易トイレ、清潔保持のための用具等の購入等経費
A37: (オ)その他災害への備えとして必要と認められる経費
A38: 合計 | H38: =SUM(H33:L37) -> 0
A41: （注）申請額は、内示額と支出済額を比較していずれか低い方の額が入力される。

Sheet 個票7
A1: （様式第３号）事業所・施設別個票
A3: 介護事業所等に対するサービス継続支援事業に関する交付申請書兼実績報告書 （事業所・施設単位）
A5: 施設概要
A7: 整理番号 | O7: 事業所名称
A8: 所在地 | D8: 郵便番号 | H8: 都道府県名 | O8: 住所
H9: 広島県
A10: 提供サービス | H10: =IFERROR(VLOOKUP(H7,内示額!A:B,2,FALSE),"") | T10: 連絡先 | W10: 電話番号 | AG10: 担当部署名
A13: 報告にあたっての確認事項
A15: 領収書、レシート等の根拠資料は事業所等において適切に保管している。
A16: 支出済の費用について、他の予算制度に基づく、負担又は補助と重複は生じていない。
A17: 「支出済額」の欄には、対象経費から消費税相当額を除いた実支出額を記載している。
A19: 支出済額
AD21: 内示額 | AI21: 申請額
AD22: =IFERROR(VLOOKUP(H7,内示額!A:C,3,FALSE),"") | AG22: 千円 | AI22: =MIN(AD22,ROUNDDOWN((H29+H38)/1000,0)) -> 0 | AL22: 千円
A23: 【（１）介護サービス等を円滑に継続するための対応】
A24: 科目 | H24: 支出済額（円） （税抜き） | M24: 内訳（用途・品目・数量等）
A25: (ア)燃料費、有料道路通行料等の移動に伴い必要となる経費
A26: (イ)ネッククーラー（ヒーター）等の猛暑・雪害対策用品の購入等経費
A27: (ウ)燃料費等の入居者・利用者の生活環境改善、職員の負担軽減・勤務環境改善に必要となる経費
A28: (エ)業務用スポットクーラー（ヒーター）等の居室や浴室等における温度管理、湿度管理に必要な設備・物品等の購入等経費
A29: 合計 | H29: =SUM(H25:L28) -> 0
A31: 【（２）災害備蓄等への対応】
A32: 科目 | H32: 支出済額（円） （税抜き） | M32: 内訳（用途・品目・数量等）
A33: (ア)飲料水、食料品等の備蓄物資の購入等経費
A34: (イ)ポータブル発電機、ポータブル電源・蓄電池等の購入等経費
A35: (ウ)衛生用品、医療用品等の購入等経費
A36: (エ)簡易浄水器、冷房機、暖房機、簡易トイレ、清潔保持のための用具等の購入等経費
A37: (オ)その他災害への備えとして必要と認められる経費
A38: 合計 | H38: =SUM(H33:L37) -> 0
A41: （注）申請額は、内示額と支出済額を比較していずれか低い方の額が入力される。

Sheet 個票8
A1: （様式第３号）事業所・施設別個票
A3: 介護事業所等に対するサービス継続支援事業に関する交付申請書兼実績報告書 （事業所・施設単位）
A5: 施設概要
A7: 整理番号 | O7: 事業所名称
A8: 所在地 | D8: 郵便番号 | H8: 都道府県名 | O8: 住所
H9: 広島県
A10: 提供サービス | H10: =IFERROR(VLOOKUP(H7,内示額!A:B,2,FALSE),"") | T10: 連絡先 | W10: 電話番号 | AG10: 担当部署名
A13: 報告にあたっての確認事項
A15: 領収書、レシート等の根拠資料は事業所等において適切に保管している。
A16: 支出済の費用について、他の予算制度に基づく、負担又は補助と重複は生じていない。
A17: 「支出済額」の欄には、対象経費から消費税相当額を除いた実支出額を記載している。
A19: 支出済額
AD21: 内示額 | AI21: 申請額
AD22: =IFERROR(VLOOKUP(H7,内示額!A:C,3,FALSE),"") | AG22: 千円 | AI22: =MIN(AD22,ROUNDDOWN((H29+H38)/1000,0)) -> 0 | AL22: 千円
A23: 【（１）介護サービス等を円滑に継続するための対応】
A24: 科目 | H24: 支出済額（円） （税抜き） | M24: 内訳（用途・品目・数量等）
A25: (ア)燃料費、有料道路通行料等の移動に伴い必要となる経費
A26: (イ)ネッククーラー（ヒーター）等の猛暑・雪害対策用品の購入等経費
A27: (ウ)燃料費等の入居者・利用者の生活環境改善、職員の負担軽減・勤務環境改善に必要となる経費
A28: (エ)業務用スポットクーラー（ヒーター）等の居室や浴室等における温度管理、湿度管理に必要な設備・物品等の購入等経費
A29: 合計 | H29: =SUM(H25:L28) -> 0
A31: 【（２）災害備蓄等への対応】
A32: 科目 | H32: 支出済額（円） （税抜き） | M32: 内訳（用途・品目・数量等）
A33: (ア)飲料水、食料品等の備蓄物資の購入等経費
A34: (イ)ポータブル発電機、ポータブル電源・蓄電池等の購入等経費
A35: (ウ)衛生用品、医療用品等の購入等経費
A36: (エ)簡易浄水器、冷房機、暖房機、簡易トイレ、清潔保持のための用具等の購入等経費
A37: (オ)その他災害への備えとして必要と認められる経費
A38: 合計 | H38: =SUM(H33:L37) -> 0
A41: （注）申請額は、内示額と支出済額を比較していずれか低い方の額が入力される。

Sheet 個票9
A1: （様式第３号）事業所・施設別個票
A3: 介護事業所等に対するサービス継続支援事業に関する交付申請書兼実績報告書 （事業所・施設単位）
A5: 施設概要
A7: 整理番号 | O7: 事業所名称
A8: 所在地 | D8: 郵便番号 | H8: 都道府県名 | O8: 住所
H9: 広島県
A10: 提供サービス | H10: =IFERROR(VLOOKUP(H7,内示額!A:B,2,FALSE),"") | T10: 連絡先 | W10: 電話番号 | AG10: 担当部署名
A13: 報告にあたっての確認事項
A15: 領収書、レシート等の根拠資料は事業所等において適切に保管している。
A16: 支出済の費用について、他の予算制度に基づく、負担又は補助と重複は生じていない。
A17: 「支出済額」の欄には、対象経費から消費税相当額を除いた実支出額を記載している。
A19: 支出済額
AD21: 内示額 | AI21: 申請額
AD22: =IFERROR(VLOOKUP(H7,内示額!A:C,3,FALSE),"") | AG22: 千円 | AI22: =MIN(AD22,ROUNDDOWN((H29+H38)/1000,0)) -> 0 | AL22: 千円
A23: 【（１）介護サービス等を円滑に継続するための対応】
A24: 科目 | H24: 支出済額（円） （税抜き） | M24: 内訳（用途・品目・数量等）
A25: (ア)燃料費、有料道路通行料等の移動に伴い必要となる経費
A26: (イ)ネッククーラー（ヒーター）等の猛暑・雪害対策用品の購入等経費
A27: (ウ)燃料費等の入居者・利用者の生活環境改善、職員の負担軽減・勤務環境改善に必要となる経費
A28: (エ)業務用スポットクーラー（ヒーター）等の居室や浴室等における温度管理、湿度管理に必要な設備・物品等の購入等経費
A29: 合計 | H29: =SUM(H25:L28) -> 0
A31: 【（２）災害備蓄等への対応】
A32: 科目 | H32: 支出済額（円） （税抜き） | M32: 内訳（用途・品目・数量等）
A33: (ア)飲料水、食料品等の備蓄物資の購入等経費
A34: (イ)ポータブル発電機、ポータブル電源・蓄電池等の購入等経費
A35: (ウ)衛生用品、医療用品等の購入等経費
A36: (エ)簡易浄水器、冷房機、暖房機、簡易トイレ、清潔保持のための用具等の購入等経費
A37: (オ)その他災害への備えとして必要と認められる経費
A38: 合計 | H38: =SUM(H33:L37) -> 0
A41: （注）申請額は、内示額と支出済額を比較していずれか低い方の額が入力される。

Sheet 個票10
A1: （様式第３号）事業所・施設別個票
A3: 介護事業所等に対するサービス継続支援事業に関する交付申請書兼実績報告書 （事業所・施設単位）
A5: 施設概要
A7: 整理番号 | O7: 事業所名称
A8: 所在地 | D8: 郵便番号 | H8: 都道府県名 | O8: 住所
H9: 広島県
A10: 提供サービス | H10: =IFERROR(VLOOKUP(H7,内示額!A:B,2,FALSE),"") | T10: 連絡先 | W10: 電話番号 | AG10: 担当部署名
A13: 報告にあたっての確認事項
A15: 領収書、レシート等の根拠資料は事業所等において適切に保管している。
A16: 支出済の費用について、他の予算制度に基づく、負担又は補助と重複は生じていない。
A17: 「支出済額」の欄には、対象経費から消費税相当額を除いた実支出額を記載している。
A19: 支出済額
AD21: 内示額 | AI21: 申請額
AD22: =IFERROR(VLOOKUP(H7,内示額!A:C,3,FALSE),"") | AG22: 千円 | AI22: =MIN(AD22,ROUNDDOWN((H29+H38)/1000,0)) -> 0 | AL22: 千円
A23: 【（１）介護サービス等を円滑に継続するための対応】
A24: 科目 | H24: 支出済額（円） （税抜き） | M24: 内訳（用途・品目・数量等）
A25: (ア)燃料費、有料道路通行料等の移動に伴い必要となる経費
A26: (イ)ネッククーラー（ヒーター）等の猛暑・雪害対策用品の購入等経費
A27: (ウ)燃料費等の入居者・利用者の生活環境改善、職員の負担軽減・勤務環境改善に必要となる経費
A28: (エ)業務用スポットクーラー（ヒーター）等の居室や浴室等における温度管理、湿度管理に必要な設備・物品等の購入等経費
A29: 合計 | H29: =SUM(H25:L28) -> 0
A31: 【（２）災害備蓄等への対応】
A32: 科目 | H32: 支出済額（円） （税抜き） | M32: 内訳（用途・品目・数量等）
A33: (ア)飲料水、食料品等の備蓄物資の購入等経費
A34: (イ)ポータブル発電機、ポータブル電源・蓄電池等の購入等経費
A35: (ウ)衛生用品、医療用品等の購入等経費
A36: (エ)簡易浄水器、冷房機、暖房機、簡易トイレ、清潔保持のための用具等の購入等経費
A37: (オ)その他災害への備えとして必要と認められる経費
A38: 合計 | H38: =SUM(H33:L37) -> 0
A41: （注）申請額は、内示額と支出済額を比較していずれか低い方の額が入力される。

Sheet 個票11
A1: （様式第３号）事業所・施設別個票
A3: 介護事業所等に対するサービス継続支援事業に関する交付申請書兼実績報告書 （事業所・施設単位）
A5: 施設概要
A7: 整理番号 | O7: 事業所名称
A8: 所在地 | D8: 郵便番号 | H8: 都道府県名 | O8: 住所
H9: 広島県
A10: 提供サービス | H10: =IFERROR(VLOOKUP(H7,内示額!A:B,2,FALSE),"") | T10: 連絡先 | W10: 電話番号 | AG10: 担当部署名
A13: 報告にあたっての確認事項
A15: 領収書、レシート等の根拠資料は事業所等において適切に保管している。
A16: 支出済の費用について、他の予算制度に基づく、負担又は補助と重複は生じていない。
A17: 「支出済額」の欄には、対象経費から消費税相当額を除いた実支出額を記載している。
A19: 支出済額
AD21: 内示額 | AI21: 申請額
AD22: =IFERROR(VLOOKUP(H7,内示額!A:C,3,FALSE),"") | AG22: 千円 | AI22: =MIN(AD22,ROUNDDOWN((H29+H38)/1000,0)) -> 0 | AL22: 千円
A23: 【（１）介護サービス等を円滑に継続するための対応】
A24: 科目 | H24: 支出済額（円） （税抜き） | M24: 内訳（用途・品目・数量等）
A25: (ア)燃料費、有料道路通行料等の移動に伴い必要となる経費
A26: (イ)ネッククーラー（ヒーター）等の猛暑・雪害対策用品の購入等経費
A27: (ウ)燃料費等の入居者・利用者の生活環境改善、職員の負担軽減・勤務環境改善に必要となる経費
A28: (エ)業務用スポットクーラー（ヒーター）等の居室や浴室等における温度管理、湿度管理に必要な設備・物品等の購入等経費
A29: 合計 | H29: =SUM(H25:L28) -> 0
A31: 【（２）災害備蓄等への対応】
A32: 科目 | H32: 支出済額（円） （税抜き） | M32: 内訳（用途・品目・数量等）
A33: (ア)飲料水、食料品等の備蓄物資の購入等経費
A34: (イ)ポータブル発電機、ポータブル電源・蓄電池等の購入等経費
A35: (ウ)衛生用品、医療用品等の購入等経費
A36: (エ)簡易浄水器、冷房機、暖房機、簡易トイレ、清潔保持のための用具等の購入等経費
A37: (オ)その他災害への備えとして必要と認められる経費
A38: 合計 | H38: =SUM(H33:L37) -> 0
A41: （注）申請額は、内示額と支出済額を比較していずれか低い方の額が入力される。

Sheet 個票12
A1: （様式第３号）事業所・施設別個票
A3: 介護事業所等に対するサービス継続支援事業に関する交付申請書兼実績報告書 （事業所・施設単位）
A5: 施設概要
A7: 整理番号 | O7: 事業所名称
A8: 所在地 | D8: 郵便番号 | H8: 都道府県名 | O8: 住所
H9: 広島県
A10: 提供サービス | H10: =IFERROR(VLOOKUP(H7,内示額!A:B,2,FALSE),"") | T10: 連絡先 | W10: 電話番号 | AG10: 担当部署名
A13: 報告にあたっての確認事項
A15: 領収書、レシート等の根拠資料は事業所等において適切に保管している。
A16: 支出済の費用について、他の予算制度に基づく、負担又は補助と重複は生じていない。
A17: 「支出済額」の欄には、対象経費から消費税相当額を除いた実支出額を記載している。
A19: 支出済額
AD21: 内示額 | AI21: 申請額
AD22: =IFERROR(VLOOKUP(H7,内示額!A:C,3,FALSE),"") | AG22: 千円 | AI22: =MIN(AD22,ROUNDDOWN((H29+H38)/1000,0)) -> 0 | AL22: 千円
A23: 【（１）介護サービス等を円滑に継続するための対応】
A24: 科目 | H24: 支出済額（円） （税抜き） | M24: 内訳（用途・品目・数量等）
A25: (ア)燃料費、有料道路通行料等の移動に伴い必要となる経費
A26: (イ)ネッククーラー（ヒーター）等の猛暑・雪害対策用品の購入等経費
A27: (ウ)燃料費等の入居者・利用者の生活環境改善、職員の負担軽減・勤務環境改善に必要となる経費
A28: (エ)業務用スポットクーラー（ヒーター）等の居室や浴室等における温度管理、湿度管理に必要な設備・物品等の購入等経費
A29: 合計 | H29: =SUM(H25:L28) -> 0
A31: 【（２）災害備蓄等への対応】
A32: 科目 | H32: 支出済額（円） （税抜き） | M32: 内訳（用途・品目・数量等）
A33: (ア)飲料水、食料品等の備蓄物資の購入等経費
A34: (イ)ポータブル発電機、ポータブル電源・蓄電池等の購入等経費
A35: (ウ)衛生用品、医療用品等の購入等経費
A36: (エ)簡易浄水器、冷房機、暖房機、簡易トイレ、清潔保持のための用具等の購入等経費
A37: (オ)その他災害への備えとして必要と認められる経費
A38: 合計 | H38: =SUM(H33:L37) -> 0
A41: （注）申請額は、内示額と支出済額を比較していずれか低い方の額が入力される。

Sheet 個票13
A1: （様式第３号）事業所・施設別個票
A3: 介護事業所等に対するサービス継続支援事業に関する交付申請書兼実績報告書 （事業所・施設単位）
A5: 施設概要
A7: 整理番号 | O7: 事業所名称
A8: 所在地 | D8: 郵便番号 | H8: 都道府県名 | O8: 住所
H9: 広島県
A10: 提供サービス | H10: =IFERROR(VLOOKUP(H7,内示額!A:B,2,FALSE),"") | T10: 連絡先 | W10: 電話番号 | AG10: 担当部署名
A13: 報告にあたっての確認事項
A15: 領収書、レシート等の根拠資料は事業所等において適切に保管している。
A16: 支出済の費用について、他の予算制度に基づく、負担又は補助と重複は生じていない。
A17: 「支出済額」の欄には、対象経費から消費税相当額を除いた実支出額を記載している。
A19: 支出済額
AD21: 内示額 | AI21: 申請額
AD22: =IFERROR(VLOOKUP(H7,内示額!A:C,3,FALSE),"") | AG22: 千円 | AI22: =MIN(AD22,ROUNDDOWN((H29+H38)/1000,0)) -> 0 | AL22: 千円
A23: 【（１）介護サービス等を円滑に継続するための対応】
A24: 科目 | H24: 支出済額（円） （税抜き） | M24: 内訳（用途・品目・数量等）
A25: (ア)燃料費、有料道路通行料等の移動に伴い必要となる経費
A26: (イ)ネッククーラー（ヒーター）等の猛暑・雪害対策用品の購入等経費
A27: (ウ)燃料費等の入居者・利用者の生活環境改善、職員の負担軽減・勤務環境改善に必要となる経費
A28: (エ)業務用スポットクーラー（ヒーター）等の居室や浴室等における温度管理、湿度管理に必要な設備・物品等の購入等経費
A29: 合計 | H29: =SUM(H25:L28) -> 0
A31: 【（２）災害備蓄等への対応】
A32: 科目 | H32: 支出済額（円） （税抜き） | M32: 内訳（用途・品目・数量等）
A33: (ア)飲料水、食料品等の備蓄物資の購入等経費
A34: (イ)ポータブル発電機、ポータブル電源・蓄電池等の購入等経費
A35: (ウ)衛生用品、医療用品等の購入等経費
A36: (エ)簡易浄水器、冷房機、暖房機、簡易トイレ、清潔保持のための用具等の購入等経費
A37: (オ)その他災害への備えとして必要と認められる経費
A38: 合計 | H38: =SUM(H33:L37) -> 0
A41: （注）申請額は、内示額と支出済額を比較していずれか低い方の額が入力される。

Sheet 個票14
A1: （様式第３号）事業所・施設別個票
A3: 介護事業所等に対するサービス継続支援事業に関する交付申請書兼実績報告書 （事業所・施設単位）
A5: 施設概要
A7: 整理番号 | O7: 事業所名称
A8: 所在地 | D8: 郵便番号 | H8: 都道府県名 | O8: 住所
H9: 広島県
A10: 提供サービス | H10: =IFERROR(VLOOKUP(H7,内示額!A:B,2,FALSE),"") | T10: 連絡先 | W10: 電話番号 | AG10: 担当部署名
A13: 報告にあたっての確認事項
A15: 領収書、レシート等の根拠資料は事業所等において適切に保管している。
A16: 支出済の費用について、他の予算制度に基づく、負担又は補助と重複は生じていない。
A17: 「支出済額」の欄には、対象経費から消費税相当額を除いた実支出額を記載している。
A19: 支出済額
AD21: 内示額 | AI21: 申請額
AD22: =IFERROR(VLOOKUP(H7,内示額!A:C,3,FALSE),"") | AG22: 千円 | AI22: =MIN(AD22,ROUNDDOWN((H29+H38)/1000,0)) -> 0 | AL22: 千円
A23: 【（１）介護サービス等を円滑に継続するための対応】
A24: 科目 | H24: 支出済額（円） （税抜き） | M24: 内訳（用途・品目・数量等）
A25: (ア)燃料費、有料道路通行料等の移動に伴い必要となる経費
A26: (イ)ネッククーラー（ヒーター）等の猛暑・雪害対策用品の購入等経費
A27: (ウ)燃料費等の入居者・利用者の生活環境改善、職員の負担軽減・勤務環境改善に必要となる経費
A28: (エ)業務用スポットクーラー（ヒーター）等の居室や浴室等における温度管理、湿度管理に必要な設備・物品等の購入等経費
A29: 合計 | H29: =SUM(H25:L28) -> 0
A31: 【（２）災害備蓄等への対応】
A32: 科目 | H32: 支出済額（円） （税抜き） | M32: 内訳（用途・品目・数量等）
A33: (ア)飲料水、食料品等の備蓄物資の購入等経費
A34: (イ)ポータブル発電機、ポータブル電源・蓄電池等の購入等経費
A35: (ウ)衛生用品、医療用品等の購入等経費
A36: (エ)簡易浄水器、冷房機、暖房機、簡易トイレ、清潔保持のための用具等の購入等経費
A37: (オ)その他災害への備えとして必要と認められる経費
A38: 合計 | H38: =SUM(H33:L37) -> 0
A41: （注）申請額は、内示額と支出済額を比較していずれか低い方の額が入力される。

Sheet 個票15
A1: （様式第３号）事業所・施設別個票
A3: 介護事業所等に対するサービス継続支援事業に関する交付申請書兼実績報告書 （事業所・施設単位）
A5: 施設概要
A7: 整理番号 | O7: 事業所名称
A8: 所在地 | D8: 郵便番号 | H8: 都道府県名 | O8: 住所
H9: 広島県
A10: 提供サービス | H10: =IFERROR(VLOOKUP(H7,内示額!A:B,2,FALSE),"") | T10: 連絡先 | W10: 電話番号 | AG10: 担当部署名
A13: 報告にあたっての確認事項
A15: 領収書、レシート等の根拠資料は事業所等において適切に保管している。
A16: 支出済の費用について、他の予算制度に基づく、負担又は補助と重複は生じていない。
A17: 「支出済額」の欄には、対象経費から消費税相当額を除いた実支出額を記載している。
A19: 支出済額
AD21: 内示額 | AI21: 申請額
AD22: =IFERROR(VLOOKUP(H7,内示額!A:C,3,FALSE),"") | AG22: 千円 | AI22: =MIN(AD22,ROUNDDOWN((H29+H38)/1000,0)) -> 0 | AL22: 千円
A23: 【（１）介護サービス等を円滑に継続するための対応】
A24: 科目 | H24: 支出済額（円） （税抜き） | M24: 内訳（用途・品目・数量等）
A25: (ア)燃料費、有料道路通行料等の移動に伴い必要となる経費
A26: (イ)ネッククーラー（ヒーター）等の猛暑・雪害対策用品の購入等経費
A27: (ウ)燃料費等の入居者・利用者の生活環境改善、職員の負担軽減・勤務環境改善に必要となる経費
A28: (エ)業務用スポットクーラー（ヒーター）等の居室や浴室等における温度管理、湿度管理に必要な設備・物品等の購入等経費
A29: 合計 | H29: =SUM(H25:L28) -> 0
A31: 【（２）災害備蓄等への対応】
A32: 科目 | H32: 支出済額（円） （税抜き） | M32: 内訳（用途・品目・数量等）
A33: (ア)飲料水、食料品等の備蓄物資の購入等経費
A34: (イ)ポータブル発電機、ポータブル電源・蓄電池等の購入等経費
A35: (ウ)衛生用品、医療用品等の購入等経費
A36: (エ)簡易浄水器、冷房機、暖房機、簡易トイレ、清潔保持のための用具等の購入等経費
A37: (オ)その他災害への備えとして必要と認められる経費
A38: 合計 | H38: =SUM(H33:L37) -> 0
A41: （注）申請額は、内示額と支出済額を比較していずれか低い方の額が入力される。

Sheet 個票16
A1: （様式第３号）事業所・施設別個票
A3: 介護事業所等に対するサービス継続支援事業に関する交付申請書兼実績報告書 （事業所・施設単位）
A5: 施設概要
A7: 整理番号 | O7: 事業所名称
A8: 所在地 | D8: 郵便番号 | H8: 都道府県名 | O8: 住所
H9: 広島県
A10: 提供サービス | H10: =IFERROR(VLOOKUP(H7,内示額!A:B,2,FALSE),"") | T10: 連絡先 | W10: 電話番号 | AG10: 担当部署名
A13: 報告にあたっての確認事項
A15: 領収書、レシート等の根拠資料は事業所等において適切に保管している。
A16: 支出済の費用について、他の予算制度に基づく、負担又は補助と重複は生じていない。
A17: 「支出済額」の欄には、対象経費から消費税相当額を除いた実支出額を記載している。
A19: 支出済額
AD21: 内示額 | AI21: 申請額
AD22: =IFERROR(VLOOKUP(H7,内示額!A:C,3,FALSE),"") | AG22: 千円 | AI22: =MIN(AD22,ROUNDDOWN((H29+H38)/1000,0)) -> 0 | AL22: 千円
A23: 【（１）介護サービス等を円滑に継続するための対応】
A24: 科目 | H24: 支出済額（円） （税抜き） | M24: 内訳（用途・品目・数量等）
A25: (ア)燃料費、有料道路通行料等の移動に伴い必要となる経費
A26: (イ)ネッククーラー（ヒーター）等の猛暑・雪害対策用品の購入等経費
A27: (ウ)燃料費等の入居者・利用者の生活環境改善、職員の負担軽減・勤務環境改善に必要となる経費
A28: (エ)業務用スポットクーラー（ヒーター）等の居室や浴室等における温度管理、湿度管理に必要な設備・物品等の購入等経費
A29: 合計 | H29: =SUM(H25:L28) -> 0
A31: 【（２）災害備蓄等への対応】
A32: 科目 | H32: 支出済額（円） （税抜き） | M32: 内訳（用途・品目・数量等）
A33: (ア)飲料水、食料品等の備蓄物資の購入等経費
A34: (イ)ポータブル発電機、ポータブル電源・蓄電池等の購入等経費
A35: (ウ)衛生用品、医療用品等の購入等経費
A36: (エ)簡易浄水器、冷房機、暖房機、簡易トイレ、清潔保持のための用具等の購入等経費
A37: (オ)その他災害への備えとして必要と認められる経費
A38: 合計 | H38: =SUM(H33:L37) -> 0
A41: （注）申請額は、内示額と支出済額を比較していずれか低い方の額が入力される。

Sheet 個票17
A1: （様式第３号）事業所・施設別個票
A3: 介護事業所等に対するサービス継続支援事業に関する交付申請書兼実績報告書 （事業所・施設単位）
A5: 施設概要
A7: 整理番号 | O7: 事業所名称
A8: 所在地 | D8: 郵便番号 | H8: 都道府県名 | O8: 住所
H9: 広島県
A10: 提供サービス | H10: =IFERROR(VLOOKUP(H7,内示額!A:B,2,FALSE),"") | T10: 連絡先 | W10: 電話番号 | AG10: 担当部署名
A13: 報告にあたっての確認事項
A15: 領収書、レシート等の根拠資料は事業所等において適切に保管している。
A16: 支出済の費用について、他の予算制度に基づく、負担又は補助と重複は生じていない。
A17: 「支出済額」の欄には、対象経費から消費税相当額を除いた実支出額を記載している。
A19: 支出済額
AD21: 内示額 | AI21: 申請額
AD22: =IFERROR(VLOOKUP(H7,内示額!A:C,3,FALSE),"") | AG22: 千円 | AI22: =MIN(AD22,ROUNDDOWN((H29+H38)/1000,0)) -> 0 | AL22: 千円
A23: 【（１）介護サービス等を円滑に継続するための対応】
A24: 科目 | H24: 支出済額（円） （税抜き） | M24: 内訳（用途・品目・数量等）
A25: (ア)燃料費、有料道路通行料等の移動に伴い必要となる経費
A26: (イ)ネッククーラー（ヒーター）等の猛暑・雪害対策用品の購入等経費
A27: (ウ)燃料費等の入居者・利用者の生活環境改善、職員の負担軽減・勤務環境改善に必要となる経費
A28: (エ)業務用スポットクーラー（ヒーター）等の居室や浴室等における温度管理、湿度管理に必要な設備・物品等の購入等経費
A29: 合計 | H29: =SUM(H25:L28) -> 0
A31: 【（２）災害備蓄等への対応】
A32: 科目 | H32: 支出済額（円） （税抜き） | M32: 内訳（用途・品目・数量等）
A33: (ア)飲料水、食料品等の備蓄物資の購入等経費
A34: (イ)ポータブル発電機、ポータブル電源・蓄電池等の購入等経費
A35: (ウ)衛生用品、医療用品等の購入等経費
A36: (エ)簡易浄水器、冷房機、暖房機、簡易トイレ、清潔保持のための用具等の購入等経費
A37: (オ)その他災害への備えとして必要と認められる経費
A38: 合計 | H38: =SUM(H33:L37) -> 0
A41: （注）申請額は、内示額と支出済額を比較していずれか低い方の額が入力される。

Sheet 個票18
A1: （様式第３号）事業所・施設別個票
A3: 介護事業所等に対するサービス継続支援事業に関する交付申請書兼実績報告書 （事業所・施設単位）
A5: 施設概要
A7: 整理番号 | O7: 事業所名称
A8: 所在地 | D8: 郵便番号 | H8: 都道府県名 | O8: 住所
H9: 広島県
A10: 提供サービス | H10: =IFERROR(VLOOKUP(H7,内示額!A:B,2,FALSE),"") | T10: 連絡先 | W10: 電話番号 | AG10: 担当部署名
A13: 報告にあたっての確認事項
A15: 領収書、レシート等の根拠資料は事業所等において適切に保管している。
A16: 支出済の費用について、他の予算制度に基づく、負担又は補助と重複は生じていない。
A17: 「支出済額」の欄には、対象経費から消費税相当額を除いた実支出額を記載している。
A19: 支出済額
AD21: 内示額 | AI21: 申請額
AD22: =IFERROR(VLOOKUP(H7,内示額!A:C,3,FALSE),"") | AG22: 千円 | AI22: =MIN(AD22,ROUNDDOWN((H29+H38)/1000,0)) -> 0 | AL22: 千円
A23: 【（１）介護サービス等を円滑に継続するための対応】
A24: 科目 | H24: 支出済額（円） （税抜き） | M24: 内訳（用途・品目・数量等）
A25: (ア)燃料費、有料道路通行料等の移動に伴い必要となる経費
A26: (イ)ネッククーラー（ヒーター）等の猛暑・雪害対策用品の購入等経費
A27: (ウ)燃料費等の入居者・利用者の生活環境改善、職員の負担軽減・勤務環境改善に必要となる経費
A28: (エ)業務用スポットクーラー（ヒーター）等の居室や浴室等における温度管理、湿度管理に必要な設備・物品等の購入等経費
A29: 合計 | H29: =SUM(H25:L28) -> 0
A31: 【（２）災害備蓄等への対応】
A32: 科目 | H32: 支出済額（円） （税抜き） | M32: 内訳（用途・品目・数量等）
A33: (ア)飲料水、食料品等の備蓄物資の購入等経費
A34: (イ)ポータブル発電機、ポータブル電源・蓄電池等の購入等経費
A35: (ウ)衛生用品、医療用品等の購入等経費
A36: (エ)簡易浄水器、冷房機、暖房機、簡易トイレ、清潔保持のための用具等の購入等経費
A37: (オ)その他災害への備えとして必要と認められる経費
A38: 合計 | H38: =SUM(H33:L37) -> 0
A41: （注）申請額は、内示額と支出済額を比較していずれか低い方の額が入力される。

Sheet 個票19
A1: （様式第３号）事業所・施設別個票
A3: 介護事業所等に対するサービス継続支援事業に関する交付申請書兼実績報告書 （事業所・施設単位）
A5: 施設概要
A7: 整理番号 | O7: 事業所名称
A8: 所在地 | D8: 郵便番号 | H8: 都道府県名 | O8: 住所
H9: 広島県
A10: 提供サービス | H10: =IFERROR(VLOOKUP(H7,内示額!A:B,2,FALSE),"") | T10: 連絡先 | W10: 電話番号 | AG10: 担当部署名
A13: 報告にあたっての確認事項
A15: 領収書、レシート等の根拠資料は事業所等において適切に保管している。
A16: 支出済の費用について、他の予算制度に基づく、負担又は補助と重複は生じていない。
A17: 「支出済額」の欄には、対象経費から消費税相当額を除いた実支出額を記載している。
A19: 支出済額
AD21: 内示額 | AI21: 申請額
AD22: =IFERROR(VLOOKUP(H7,内示額!A:C,3,FALSE),"") | AG22: 千円 | AI22: =MIN(AD22,ROUNDDOWN((H29+H38)/1000,0)) -> 0 | AL22: 千円
A23: 【（１）介護サービス等を円滑に継続するための対応】
A24: 科目 | H24: 支出済額（円） （税抜き） | M24: 内訳（用途・品目・数量等）
A25: (ア)燃料費、有料道路通行料等の移動に伴い必要となる経費
A26: (イ)ネッククーラー（ヒーター）等の猛暑・雪害対策用品の購入等経費
A27: (ウ)燃料費等の入居者・利用者の生活環境改善、職員の負担軽減・勤務環境改善に必要となる経費
A28: (エ)業務用スポットクーラー（ヒーター）等の居室や浴室等における温度管理、湿度管理に必要な設備・物品等の購入等経費
A29: 合計 | H29: =SUM(H25:L28) -> 0
A31: 【（２）災害備蓄等への対応】
A32: 科目 | H32: 支出済額（円） （税抜き） | M32: 内訳（用途・品目・数量等）
A33: (ア)飲料水、食料品等の備蓄物資の購入等経費
A34: (イ)ポータブル発電機、ポータブル電源・蓄電池等の購入等経費
A35: (ウ)衛生用品、医療用品等の購入等経費
A36: (エ)簡易浄水器、冷房機、暖房機、簡易トイレ、清潔保持のための用具等の購入等経費
A37: (オ)その他災害への備えとして必要と認められる経費
A38: 合計 | H38: =SUM(H33:L37) -> 0
A41: （注）申請額は、内示額と支出済額を比較していずれか低い方の額が入力される。

Sheet 個票20
A1: （様式第３号）事業所・施設別個票
A3: 介護事業所等に対するサービス継続支援事業に関する交付申請書兼実績報告書 （事業所・施設単位）
A5: 施設概要
A7: 整理番号 | O7: 事業所名称
A8: 所在地 | D8: 郵便番号 | H8: 都道府県名 | O8: 住所
H9: 広島県
A10: 提供サービス | H10: =IFERROR(VLOOKUP(H7,内示額!A:B,2,FALSE),"") | T10: 連絡先 | W10: 電話番号 | AG10: 担当部署名
A13: 報告にあたっての確認事項
A15: 領収書、レシート等の根拠資料は事業所等において適切に保管している。
A16: 支出済の費用について、他の予算制度に基づく、負担又は補助と重複は生じていない。
A17: 「支出済額」の欄には、対象経費から消費税相当額を除いた実支出額を記載している。
A19: 支出済額
AD21: 内示額 | AI21: 申請額
AD22: =IFERROR(VLOOKUP(H7,内示額!A:C,3,FALSE),"") | AG22: 千円 | AI22: =MIN(AD22,ROUNDDOWN((H29+H38)/1000,0)) -> 0 | AL22: 千円
A23: 【（１）介護サービス等を円滑に継続するための対応】
A24: 科目 | H24: 支出済額（円） （税抜き） | M24: 内訳（用途・品目・数量等）
A25: (ア)燃料費、有料道路通行料等の移動に伴い必要となる経費
A26: (イ)ネッククーラー（ヒーター）等の猛暑・雪害対策用品の購入等経費
A27: (ウ)燃料費等の入居者・利用者の生活環境改善、職員の負担軽減・勤務環境改善に必要となる経費
A28: (エ)業務用スポットクーラー（ヒーター）等の居室や浴室等における温度管理、湿度管理に必要な設備・物品等の購入等経費
A29: 合計 | H29: =SUM(H25:L28) -> 0
A31: 【（２）災害備蓄等への対応】
A32: 科目 | H32: 支出済額（円） （税抜き） | M32: 内訳（用途・品目・数量等）
A33: (ア)飲料水、食料品等の備蓄物資の購入等経費
A34: (イ)ポータブル発電機、ポータブル電源・蓄電池等の購入等経費
A35: (ウ)衛生用品、医療用品等の購入等経費
A36: (エ)簡易浄水器、冷房機、暖房機、簡易トイレ、清潔保持のための用具等の購入等経費
A37: (オ)その他災害への備えとして必要と認められる経費
A38: 合計 | H38: =SUM(H33:L37) -> 0
A41: （注）申請額は、内示額と支出済額を比較していずれか低い方の額が入力される。

Sheet 内示額
A1: 整理番号 | B1: サービス種別 | C1: 内示額
A2: 2001 | B2: 福祉用具貸与 | C2: 186
A3: 2002 | B3: 訪問介護 | C3: 200
A4: 2003 | B4: 地域密着型通所介護 | C4: 186
A5: 2004 | B5: 居宅介護支援 | C5: 186
A6: 2005 | B6: 居宅介護支援 | C6: 186
A7: 2006 | B7: 特定施設入居者生活介護 | C7: 186
A8: 2007 | B8: 認知症対応型共同生活介護 | C8: 186
A9: 2008 | B9: 通所介護 | C9: 186
A10: 2009 | B10: 通所介護 | C10: 372
A11: 2010 | B11: 居宅介護支援 | C11: 186
A12: 2011 | B12: 訪問介護 | C12: 186
A13: 2012 | B13: 通所介護 | C13: 372
... A3812: 5900 | B3812: 居宅介護支援 | C3812: 186
